Cogmind - Beta 14 @@@ ROGUE MODE // 2024.08.16 @ 15:13:47 Player: Dosh Result: Destroyed by P-80 Master with Gamma Rifle Performance ------------- Evolutions (9) 4500 Regions Visited (30) 6000 Robots Destroyed (615) 3075 Value Destroyed (37672) 37672 Prototype IDs (78) 1560 Alien Tech Used (7) 1400 Bonus (16798) 16798 TOTAL SCORE: 71005 Bonus ------- High Alert Combat Kills 7442 Follower Combat Kills 5910 Entered Garrisons 1600 Used RIF Installer 4000 Entered DSFs 500 Aligned with FarCom 300 Scanned by Researcher 500 Friendly Fire -3454 Cogmind --------- Core Integrity 0/1850 Matter 153/425 Energy 97/100 System Corruption 44% Temperature Cool (0) Movement Core (1350) Ox26 Location -1/Command Parts ------- > --- POWER (4) -------- (None) > --- PROPULSION (7) --- (None) > --- UTILITY (12) ----- Huge Storage Unit > --- WEAPON (3) ------- (None) > --- INVENTORY (25) --- Huge Storage Unit Beam Splitter Advanced Hacking Suite Subatomic Replicator Nova Cannon Enhanced Nova Cannon Fusion Bomb Launcher Advanced Datajack Advanced Remote Datajack Peak State ------------ > --- POWER ------------ Micro Antimatter Reactor Quantum Reactor Reinforced Quantum Reactor Improved Quantum Reactor > --- PROPULSION ------- Advanced Heavy Treads Advanced Heavy Treads Advanced Heavy Siege Treads > --- UTILITY ---------- Advanced Heat Sink Advanced Heat Sink Experimental Heat Sink Huge Storage Unit Experimental Targeting Computer Core Analyzer Core Analyzer Graphene Brace Point Defense Array Relay Coupler [Grunt] Microwarp Drive > --- WEAPON ----------- Long-range Phase Cannon Improved Potential Cannon > --- INVENTORY -------- Micro Antimatter Reactor Micro Antimatter Reactor Light Quantum Reactor Advanced Heavy Treads Centrium Heavy Treads Advanced Heavy Siege Treads Huge Storage Unit Advanced Energy Well Beam Splitter Advanced Hacking Suite Subatomic Replicator Compact HERF Cannon Nova Cannon Enhanced Nova Cannon Helical Railgun Helical Railgun Multirail Multirail Fusion Bomb Launcher Advanced Remote Datajack [Rating: 217] Favorites ----------- Power Particle Reactor Engine Improved Ion Engine Power Core Neutrino Core Reactor Particle Reactor Propulsion Light Treads Treads Light Treads Leg Aluminum Leg Wheel Armored Huge Wheel Utility Huge Storage Unit Device Advanced Cooling System Storage Huge Storage Unit Processor Experimental Targeting Computer Hackware Relay Coupler [Grunt] Protection Hardened Medium Armor Plating Artifact Phase Armor Weapon Enhanced Nova Cannon Energy Gun Gatling Laser Energy Cannon Enhanced Nova Cannon Ballistic Gun Heavy Assault Rifle Ballistic Cannon Enhanced Gauss Cannon Launcher Fusion Bomb Launcher Special Weapon Advanced Remote Datajack Special Melee Weapon Improved Datajack Build | -11 -10 -10 -9 -9 -9 -8 -8 -8 -7 -7 -6 -6 -6 -6 -5 -5 -4 -4 -4 -4 -3 -3 -3 -3 -3 -2 -2 -2 -1 -1 ------- Run | Yrd Mat Min Mat Min Exi Min Mat Gar Fac Gar Fac Gar Fac DSF Fac Gar Fac Gar Fac Gar Res Gar Res Qua Gar Res Tes Sec Acc Com Slots Evolved 18 | . . . 2 . . . 2 . 2 . 2 . . . 2 . 2 . . . 2 . . . . 2 . . 2 . Power 3 | . . . . . . . . . . . . . . . 1 . . . . . 1 . . . . . . . 1 . Propulsion 4 | . . . 1 . . . . . 1 . . . . . . . 1 . . . 1 . . . . . . . . . Utility 10 | . . . 1 . . . 2 . 1 . 2 . . . 1 . 1 . . . . . . . . 1 . . 1 . Weapon 1 | . . . . . . . . . . . . . . . . . . . . . . . . . . 1 . . . . Parts Attached 771 | 6 12 1 35 1 . 1 23 30 16 28 23 67 . 2 23 16 2 36 22 56 17 51 18 44 20 54 35 39 66 27 Power 100 | 1 2 . 3 . . . 2 1 . 2 1 7 . . 2 2 . 9 3 7 6 2 4 8 2 13 3 7 7 6 Engine 11 | 1 2 . 3 . . . 1 . . . . 3 . . 1 . . . . . . . . . . . . . . . Core 10 | . . . . . . . 1 1 . . . 2 . . 1 2 . 3 . . . . . . . . . . . . Reactor 79 | . . . . . . . . . . 2 1 2 . . . . . 6 3 7 6 2 4 8 2 13 3 7 7 6 Propulsion 104 | 2 3 . 11 . . 1 5 2 3 4 3 15 . . 1 . . 4 1 9 1 3 . 5 2 9 4 1 11 4 Treads 97 | 2 3 . 11 . . 1 4 1 2 4 3 15 . . 1 . . 4 1 9 1 3 . 5 2 9 4 1 7 4 Leg 1 | . . . . . . . . 1 . . . . . . . . . . . . . . . . . . . . . . Wheel 6 | . . . . . . . 1 . 1 . . . . . . . . . . . . . . . . . . . 4 . Hover . | . . . . . . . . . . . . . . . . . . . . . . . . . . . . . . . Flight . | . . . . . . . . . . . . . . . . . . . . . . . . . . . . . . . Utility 268 | 1 2 . 9 . . . 6 7 3 6 5 15 . 1 9 7 2 15 13 16 7 22 6 13 9 24 18 27 20 5 Device 140 | . 1 . 2 . . . 3 3 3 1 1 8 . 1 4 . 1 8 11 7 4 10 2 7 2 18 11 18 12 2 Storage 12 | 1 1 . 2 . . . . 1 . . . 1 . . . . . . . . . . . . . . 2 2 2 . Processor 10 | . . . . . . . . . . . 1 . . . 1 . . 1 . . . . . . . . . 4 1 2 Hackware 76 | . . . . . . . . 1 . 3 2 6 . . 4 6 1 4 1 8 3 11 4 4 7 3 3 3 2 . Protection 27 | . . . 5 . . . 3 2 . 2 1 . . . . 1 . 2 1 1 . 1 . 1 . 3 2 . 2 . Artifact 3 | . . . . . . . . . . . . . . . . . . . . . . . . 1 . . . . 1 1 Weapon 299 | 2 5 1 12 1 . . 10 20 10 16 14 30 . 1 11 7 . 8 5 24 3 24 8 18 7 8 10 4 28 12 Energy Gun 53 | 1 1 . 3 . . . 5 9 6 8 7 13 . . . . . . . . . . . . . . . . . . Energy Cannon 121 | . . . . . . . . . . . . 9 . 1 6 4 . 4 3 14 1 18 4 11 4 6 8 2 19 7 Ballistic Gun 19 | 1 4 1 6 1 . . . . . . . . . . . . . . . . . . . . . . . . 2 4 Ballistic Cannon 26 | . . . . . . . 5 9 1 6 1 4 . . . . . . . . . . . . . . . . . . Launcher 13 | . . . 3 . . . . . 1 2 3 . . . . . . 1 . . . 1 . . . . . . 1 1 Special Weapon 63 | . . . . . . . . . . . 3 4 . . 5 3 . 3 2 10 2 5 4 7 3 2 2 2 6 . Impact Weapon . | . . . . . . . . . . . . . . . . . . . . . . . . . . . . . . . Slashing Weapon . | . . . . . . . . . . . . . . . . . . . . . . . . . . . . . . . Piercing Weapon . | . . . . . . . . . . . . . . . . . . . . . . . . . . . . . . . Special Melee Weapon 4 | . . . . . . . . 2 2 . . . . . . . . . . . . . . . . . . . . . Unidentified Prototypes 26 | . . . . . . . 1 . . . . . . . 2 . . 3 . . . 3 . 1 . 1 4 7 4 . Corrupted Parts 1 | . . . . . . . . . . . . . . . . . . . . . . . . . . 1 . . . . System Corruption 4 | . . . . . . . . . . . . . . . . . . . . . . . . . . 4 . . . . Parts Lost 145 | . 1 1 5 1 . 1 . . 1 4 12 19 . . 1 4 . 7 2 5 1 2 1 11 2 7 6 4 21 26 Power 27 | . . . . . . . . . . 1 1 2 . . 1 2 . 3 . . . . . 4 . 3 1 . 3 6 Propulsion 39 | . 1 . 2 . . 1 . . . 2 3 7 . . . . . 3 1 3 . . . 3 1 . 1 . 5 6 Utility 52 | . . . 2 . . . . . . 1 4 7 . . . 2 . . . 2 1 2 . 3 1 3 3 4 10 7 Weapon 27 | . . 1 1 1 . . . . 1 . 4 3 . . . . . 1 1 . . . 1 1 . 1 1 . 3 7 Highest Loss Streak 19 | . 1 1 2 1 . 1 . . 1 3 4 11 . . 1 4 . 7 2 2 1 2 1 7 1 2 4 3 4 19 To Critical Strikes 6 | . . . . . . . . . . . . . . . . . . 1 . 2 . . . . 1 1 1 . . . Average Slot Usage (%) 86 | . 97 100 93 100 100 100 90 90 84 92 97 85 86 86 87 80 83 84 88 87 83 83 80 78 86 81 78 81 80 68 Engine 3 | . 14 14 11 11 11 11 8 7 . . . . . . 3 . . . . . . . . . . . . . . . Core 1 | . . . . . . . . 1 7 2 . 2 . . 1 10 10 5 5 . . . . . . . . . . . Reactor 6 | . . . . . . . . . . 4 6 1 6 6 5 . . 3 5 9 13 13 14 13 14 13 12 12 14 13 Treads 17 | . 26 28 29 33 33 33 10 9 15 17 25 19 13 13 11 11 10 12 14 13 14 13 14 15 21 14 13 12 9 10 Wheel 1 | . . . . . . . 8 9 6 5 . . . . . . . . . . . . . . . . . . 2 . Device 16 | . 13 14 10 11 11 11 17 9 17 18 13 15 33 33 23 7 9 13 22 20 18 19 14 16 10 16 22 22 22 15 Storage 6 | . 14 14 11 11 11 11 9 9 7 7 6 7 6 6 5 5 5 5 5 5 4 4 4 4 4 4 4 4 3 3 Processor 2 | . . . . . . . . . . . 2 3 . . 5 5 5 5 5 5 4 3 . . . . . . 6 10 Hackware 11 | . . . . . . . . . 1 10 22 18 13 13 16 21 26 19 15 18 14 17 18 14 20 16 12 14 6 3 Protection 4 | . . . 8 11 11 11 17 25 11 6 5 . . . . 4 5 6 1 1 2 . 4 2 . 1 2 . . . Energy Gun 3 | . 2 . 9 5 . . 10 13 14 11 10 5 6 1 . . . . . . . . . . . . . . . . Energy Cannon 4 | . . . . . . . . . . . . 3 6 11 7 6 5 6 9 8 4 7 5 7 4 8 8 8 9 4 Ballistic Gun 3 | . 25 28 12 16 22 22 1 . . . . . . . . . . . . . . . . . . . . . . . Special Weapon 1 | . . . . . . . . . . . . 1 . . 2 3 5 3 . 1 3 . 2 1 3 4 1 2 . . Peak Build Rating 217 | 6 8 8 20 19 19 19 38 53 60 63 69 97 97 99 110 110 110 122 124 129 144 149 146 168 166 191 187 198 213 217 Average Rating 102 | 5 7 7 15 18 18 18 34 43 56 60 64 58 97 98 106 100 107 112 121 120 137 144 143 149 155 178 173 184 194 183 On Entrance 90 | . 6 8 8 19 18 19 19 38 49 58 60 54 97 97 99 110 105 106 119 122 117 141 145 143 166 146 181 185 198 183 Naked Turns . | . . . . . . . . . . . . . . . . . . . . . . . . . . . . . . . Heaviest Build 288 | 12 32 29 63 62 62 62 81 133 125 122 125 120 120 126 141 124 106 150 158 155 157 169 177 189 189 204 207 202 288 202 Greatest Support 245 | 40 40 40 60 60 60 60 60 28 67 103 103 150 150 150 150 150 150 173 168 178 225 225 225 225 208 230 235 235 245 240 Greatest Overweight (x) 35 | . 1 . 10 1 1 1 2 4 4 4 1 33 . . . . . 1 1 1 . . . 1 1 . 1 . 13 35 Average Overweight (x) . | . . . . 1 1 1 1 3 3 3 1 1 . . . . . . . . . . . . . . . . 1 . Largest Inventory Capacity 25 | 8 15 15 20 20 20 20 20 25 25 25 25 25 25 25 25 25 25 25 25 25 25 25 25 25 25 25 25 25 25 25 Average Capacity 23 | 7 14 15 19 20 20 20 20 23 25 25 25 25 25 25 25 25 25 25 25 25 25 25 25 25 25 25 25 25 25 25 Most Carried 25 | 2 15 14 20 19 20 20 20 25 25 25 25 25 25 25 25 25 25 25 25 25 25 25 25 25 25 25 25 25 25 25 Average Carried 22 | 1 10 13 18 18 19 19 19 22 24 24 23 22 25 25 24 23 24 23 24 24 21 24 24 23 24 24 24 24 21 17 Final Capacity 25 | 8 15 15 20 20 20 20 20 25 25 25 25 25 25 25 25 25 25 25 25 25 25 25 25 25 25 25 25 25 25 25 Final Carried 25 | 2 14 14 19 19 20 19 20 25 24 25 22 25 25 25 25 25 25 25 25 25 24 25 25 25 24 25 24 25 24 9 Class Distribution -------------------- 32% | Botlord-Mutant 16% | Bothacker-Mutant 13% | Scavenger-Mutant 12% | Mutant 11% | Botlord-Gunner 3% | Generator-Gunner 3% | Commander-Mutant Dominant Class ---------------- Mutant | -10/Materials Mutant | -10/Mines Scavenger-Mutant | -9/Materials Scavenger-Mutant | -9/Mines Scavenger-Mutant | -9/Exiles Scavenger-Mutant | -8/Mines Mutant | -8/Materials Commander-Mutant | -8/Garrison Mutant | -7/Factory Bothacker-Mutant | -7/Garrison Bothacker-Mutant | -6/Factory Bothacker-Mutant | -6/Garrison Bothacker-Mutant | -6/Factory Bothacker-Mutant | -6/DSF Bothacker-Mutant | -5/Factory Botlord-Mutant | -5/Garrison Botlord-Mutant | -4/Factory Botlord-Mutant | -4/Garrison Botlord-Mutant | -4/Factory Botlord-Mutant | -4/Garrison Botlord-Mutant | -3/Research Botlord-Mutant | -3/Garrison Botlord-Mutant | -3/Research Botlord-Mutant | -3/Quarantine Botlord-Mutant | -3/Garrison Botlord-Gunner | -2/Research Botlord-Gunner | -2/Testing Botlord-Gunner | -2/Section 7 Generator-Gunner | -1/Access Generator-Mutant | -1/Command Resources | -11 -10 -10 -9 -9 -9 -8 -8 -8 -7 -7 -6 -6 -6 -6 -5 -5 -4 -4 -4 -4 -3 -3 -3 -3 -3 -2 -2 -2 -1 -1 ----------- Run | Yrd Mat Min Mat Min Exi Min Mat Gar Fac Gar Fac Gar Fac DSF Fac Gar Fac Gar Fac Gar Res Gar Res Qua Gar Res Tes Sec Acc Com Matter Collected 13733 | 216 459 31 795 81 . 149 632 505 256 592 398 698 . 119 284 309 47 621 240 770 369 883 430 987 540 758 528 1053 793 190 Remotely 40 | . . . . . . . . . . . . . . . . . . . 40 . . . . . . . . . . . Salvage Created 32032 | . 685 46 1743 368 . 235 693 866 682 942 1123 1053 . 240 548 166 . 716 831 2093 419 1857 191 2845 579 3807 2607 1806 4181 710 Parts 1492 | . 52 1 118 20 . 14 43 45 30 49 49 47 . 8 32 6 . 28 36 68 30 71 9 142 22 158 97 95 188 34 Haulers Intercepted 15 | . 2 . 5 . . . 4 . . . . . . 1 . . . . . . . . . 2 . 1 . . . . Recyclers Shooed 9 | . . 1 2 . . . 1 . . . . . . . . . . . . . . . . 1 . . . . 4 . Parts Field Recycled . | . . . . . . . . . . . . . . . . . . . . . . . . . . . . . . . Retrieved Matter . | . . . . . . . . . . . . . . . . . . . . . . . . . . . . . . . Parts Self-Destructed . | . . . . . . . . . . . . . . . . . . . . . . . . . . . . . . . Prevented . | . . . . . . . . . . . . . . . . . . . . . . . . . . . . . . . Kills | -11 -10 -10 -9 -9 -9 -8 -8 -8 -7 -7 -6 -6 -6 -6 -5 -5 -4 -4 -4 -4 -3 -3 -3 -3 -3 -2 -2 -2 -1 -1 ------- Run | Yrd Mat Min Mat Min Exi Min Mat Gar Fac Gar Fac Gar Fac DSF Fac Gar Fac Gar Fac Gar Res Gar Res Qua Gar Res Tes Sec Acc Com Combat Hostiles Destroyed 495 | . 17 1 38 8 . 7 12 23 20 33 30 13 . 1 12 3 . 12 11 22 8 20 3 33 8 36 28 22 54 20 Melee 1 | . . . . . . . . 1 . . . . . . . . . . . . . . . . . . . . . . Guns 128 | . 15 1 29 8 . 7 4 18 11 14 17 3 . . . . . . . . . . . . . . . . . 1 Cannons 242 | . . . . . . . 5 3 . 3 1 9 . 1 12 3 . 7 9 21 7 18 2 31 4 24 20 15 42 5 AOE 68 | . 2 . 9 . . . 3 . 9 15 9 . . . . . . 3 . . . . . . . . . . 5 13 Classes Destroyed 24 | . 7 . 6 . . 1 . . 3 . 1 1 . . . . . 2 . 1 . . . 1 . 1 . . . . Worker 21 | . . . 1 . . . . . . . 1 . . . 2 . . . 1 . 3 . . 5 . 2 . . 6 . Builder 23 | . 1 . 1 . . . 2 . . . 1 . . . 2 . . . . . 1 . 1 1 . 6 . 1 6 . Tunneler 7 | . . . 1 4 . 1 . . . . . . . . . . . . . . . . . . . . . . 1 . Hauler 15 | . 2 . 5 . . . 4 . . . . . . 1 . . . . . . . . . 2 . 1 . . . . Recycler 15 | . 1 . 1 . . . 2 . . . . . . . . . . . 1 . . . . 3 . 1 . . 4 2 Mechanic 4 | . . . . . . . . . 2 . . . . . . . . . . . . . . . . . . . 2 . Operator 4 | . 2 . . . . . . . 1 . . . . . . . . . . . . . . . . . . . . 1 Watcher 18 | . 1 . 3 . . . 2 . 1 . 1 . . . . . . . . . . . . 1 . 2 3 2 2 . Swarmer 92 | . 9 . 10 . . 3 4 5 . 10 7 . . . 6 1 . 2 1 4 5 5 1 5 1 3 . . 5 5 Cutter 10 | . . . . . . . . . . . . 4 . . . . . 1 . . . 5 . . . . . . . . Saboteur 1 | . . . . . . . . . . . . . . . . . . . . 1 . . . . . . . . . . Grunt 155 | . 8 1 16 8 . 2 5 12 6 10 10 3 . . 2 2 . . 3 5 . 9 1 7 1 12 16 1 12 3 Brawler 11 | . . . 1 . . . . 1 . 1 2 . . . . . . 1 . 1 . . . 1 1 1 . . 1 . Duelist 13 | . . . 1 . . 1 . 1 . . 1 . . . . . . 2 2 . 1 . . . 1 1 . 1 . 1 Protector 6 | . . . 1 . . . . . 2 . 2 . . . . . . . . . . . . . . . . . . 1 Sentry 41 | . . . 9 . . . 2 4 1 6 2 4 . . . . . . . 1 . 1 . . 1 3 . 2 5 . Demolisher 1 | . . . . . . . . . . . . . . . . . . . . . . . . . . 1 . . . . Specialist 15 | . . . . . . . . . 6 2 4 . . . . . . . . 3 . . . . . . . . . . Hunter 55 | . . . . . . 1 1 . 2 . . 1 . . . . . 2 . 4 . . 1 6 1 11 8 6 11 . Programmer 87 | . . . . . . . . . 3 4 1 1 . . 4 . . 2 5 3 2 1 . 13 2 5 5 9 20 7 Heavy 3 | . . . . . . . . . . . 1 . . 1 . . . . . . . . . . . 1 . . . . Q-Series 6 | . . . . . . . . . . . . . . . . . . . . . . . . 1 . 2 1 . 2 . Behemoth 5 | . . . . . . . . . . . . . . . . . . 2 . 1 . . . . . 1 . 1 . . M Guard 1 | . . . . . . . . . . . . . . . . . . . . . . . . . . . . . . 1 Combat Programmer 2 | . . . . . . . . . . . . . . . . . . . . . . . . . . . . . . 2 Executioner 3 | . . . . . . . . . . . . . . . . . . 1 . . . . . . . . . 2 . . Infiltrator 1 | . . . . . . . . . . . . . . . . . . 1 . . . . . . . . . . . . Best Kill Streak 13 | . 8 1 6 5 . 3 5 4 12 13 7 4 . 1 4 3 . 5 3 4 9 5 2 6 4 9 4 4 13 8 Combat Bots Only 13 | . 5 1 5 5 . 3 4 4 10 13 6 4 . 1 3 3 . 5 3 4 6 5 2 5 4 6 3 4 8 8 Max Kills in Single Turn 5 | . 2 1 2 1 . 1 5 2 3 4 3 1 . 1 1 1 . 2 1 1 1 1 1 2 1 2 2 1 4 3 Gunslinging . | . . . . . . . . . . . . . . . . . . . . . . . . . . . . . . . Exploded 4 | . 1 . 2 . . . 3 . 2 4 3 . . . . . . 2 . . . . . . . . . . 2 3 Melee 1 | . . . . . . . . 1 . . . . . . . . . . . . . . . . . . . . . . Uniques/NPCs Destroyed . | . . . . . . . . . . . . . . . . . . . . . . . . . . . . . . . Combat | -11 -10 -10 -9 -9 -9 -8 -8 -8 -7 -7 -6 -6 -6 -6 -5 -5 -4 -4 -4 -4 -3 -3 -3 -3 -3 -2 -2 -2 -1 -1 -------- Run | Yrd Mat Min Mat Min Exi Min Mat Gar Fac Gar Fac Gar Fac DSF Fac Gar Fac Gar Fac Gar Res Gar Res Qua Gar Res Tes Sec Acc Com Hostile Shots Fired 3608 | . 69 8 126 21 . 40 48 74 93 216 251 302 . 15 83 69 2 103 49 277 55 72 42 179 68 280 203 197 473 193 Missed 997 | . 18 2 40 3 . 9 13 17 35 79 93 82 . 6 26 11 . 27 8 90 20 16 8 43 18 74 31 48 139 41 Intercepted 13 | . . . . . . . . . . . . . . . . . . . . . . . . . . . . . . 13 Damage Taken 50280 | . 666 182 1094 194 . 434 370 887 1103 1303 2038 2379 . 178 1276 1171 157 1576 1158 1891 859 1049 804 3351 1237 5490 3850 2292 7218 6073 Core 5634 | . 95 30 156 32 . 22 . 41 180 115 208 499 . 120 206 155 30 160 88 113 57 115 . 309 372 349 267 199 378 1338 Absorbed by Shields 5595 | . . . 144 . . . 143 75 151 312 . 111 . 43 128 . . 319 98 1101 . 273 . . 33 . 558 1504 557 45 Reduced by Siege Mode 3312 | . . . . . . . . . . . . . . . . 157 . 5 81 89 28 8 . 379 37 741 382 267 590 548 Redirected to Core 640 | . . . . . . . . . . . . . . . . . . . . . . . . 156 298 186 . . . . Redirected to Shielding 442 | . . . . . . . . . . . . . . . . . 14 134 61 34 87 . . . . . . . 112 . Ignored by Resistances 1368 | . . . . . . . . . . . . . . . . . . . . . . . . . . . . . 1368 . Regen/Repaired (Parts) 4589 | . 120 . . . . . . . 210 . . . . . 326 . 653 148 371 118 725 . . . . 899 826 . 193 . Core Remaining (%) 55 | 100 . 50 . . . 47 . 92 . 57 . . . 2 . 63 . . . 66 . . . . 29 . . 52 . . Volleys Fired 2154 | . 70 4 118 16 . 24 64 65 45 65 61 103 . 8 52 36 4 66 32 117 38 109 38 146 67 260 195 175 135 41 Largest 3 | . 2 2 2 2 . 2 2 2 2 2 2 2 . 2 2 2 1 2 2 2 2 2 2 2 2 2 2 2 3 3 Hottest 360 | . 60 40 68 68 . 46 160 160 160 160 160 180 . 203 211 211 7 240 240 240 240 240 240 240 233 240 214 240 360 338 Shots Fired 3190 | . 140 8 218 32 . 48 119 115 79 121 112 142 . 16 76 49 4 76 60 209 55 175 46 236 81 287 199 181 260 46 Gun 859 | . 140 8 207 32 . 48 45 93 68 94 93 23 . . . . . . . . . . . . . . . . . 8 Cannon 1956 | . . . . . . . 74 22 1 21 8 104 . 16 64 35 . 52 57 187 34 143 27 188 48 263 181 159 246 26 Launcher 50 | . . . 11 . . . . . 10 6 7 . . . . . . 4 . . . . . . . . . . . 12 Special 325 | . . . . . . . . . . . 4 15 . . 12 14 4 20 3 22 21 32 19 48 33 24 18 22 14 . Kinetic 511 | . 123 8 144 23 . 48 84 22 1 21 8 21 . . . . . . . . . . . . . . . . . 8 Thermal 1976 | . . . . . . . 21 93 68 94 93 106 . 16 64 35 . 52 57 187 34 143 21 144 27 199 140 123 235 24 Explosive 50 | . . . 11 . . . . . 10 6 7 . . . . . . 4 . . . . . . . . . . . 12 Electromagnetic 328 | . 17 . 63 9 . . 14 . . . . . . . . . . . . . . . 6 44 21 64 41 36 11 2 Robot Hit Streak 44 | . 6 4 23 9 . 10 9 22 13 18 21 29 . 3 9 11 6 17 16 33 14 24 14 15 11 28 21 24 44 14 Robot Miss Streak 9 | . 4 1 7 2 . 3 6 8 9 3 3 3 . 3 3 1 . 6 2 4 4 2 2 3 2 3 4 4 5 4 Penetration Max 1 | . . . . . . . . . . . . . . . . . . . . . . . . . . . . . . 1 Secondary Targets 14 | . 1 1 4 . . . . 1 2 1 3 1 . . . . . . . . . . . . . . . . . . Max Gunslinging Chain 1 | . 1 1 1 . . . . 1 1 1 1 1 . . . . . . . . . . . . . . . . . . Capacitor 510 | . . . . . . . . . . . . . . . . . . . . . . . . . . 192 179 139 . . Shots Hit Robots 2127 | . 80 6 145 24 . 32 70 84 67 82 89 88 . 8 49 17 4 45 44 155 32 110 22 153 55 211 148 115 159 33 Core Hits 1066 | . 38 3 91 13 . 15 32 60 75 83 101 43 . 5 17 3 . 16 16 48 11 42 5 54 8 70 46 34 89 48 Critical Kills 31 | . . . . 1 . . . . . . . 2 . . . . . 3 1 4 1 3 . 1 . 4 1 4 5 1 Critical Parts Destroyed 3 | . . . 2 . . . . . . . . . . . . . . . . . . . . . . . . . . 1 Critical Strikes 47 | . 1 . 2 1 . . 8 1 . . 1 4 . . . . . 3 1 4 1 3 . 1 . 4 1 4 5 2 Meltdown 30 | . . . . . . . . . . . . 2 . . . . . 3 1 4 1 3 . 1 . 4 1 4 5 1 Destroy 4 | . . . 2 1 . . . . . . . . . . . . . . . . . . . . . . . . . 1 Blast 12 | . . . . . . . 8 1 . . 1 2 . . . . . . . . . . . . . . . . . . Corrupt 1 | . 1 . . . . . . . . . . . . . . . . . . . . . . . . . . . . . Melee Attacks 19 | . . . . . . . . 15 4 . . . . . . . . . . . . . . . . . . . . . Impact . | . . . . . . . . . . . . . . . . . . . . . . . . . . . . . . . Slashing . | . . . . . . . . . . . . . . . . . . . . . . . . . . . . . . . Piercing . | . . . . . . . . . . . . . . . . . . . . . . . . . . . . . . . Sneak Attacks 19 | . . . . . . . . 15 4 . . . . . . . . . . . . . . . . . . . . . Combat Hostiles . | . . . . . . . . . . . . . . . . . . . . . . . . . . . . . . . Follow-up Attacks . | . . . . . . . . . . . . . . . . . . . . . . . . . . . . . . . Damage Inflicted 84181 | . 1267 93 3300 496 . 462 2084 1984 2918 3395 3730 2514 . 366 1758 169 4 1788 1884 6150 1076 3552 417 6027 1275 8386 5609 4574 13580 5323 Guns 12260 | . 1025 70 2196 428 . 454 656 1788 1284 1667 1896 516 . . . . . . . . . . . . . . . . . 280 Cannons 56056 | . . . . . . . 1179 113 . 190 62 1998 . 366 1681 169 . 1183 1850 6136 962 3552 343 5632 1234 8238 5454 4510 9726 1478 Explosions 14501 | . 231 . 1058 . . . 239 . 1634 1514 1721 . . . . . . 587 . . . . . 206 . 72 . . 3674 3565 Melee . | . . . . . . . . . . . . . . . . . . . . . . . . . . . . . . . Ramming 1364 | . 11 23 46 68 . 8 10 83 . 24 51 . . . 77 . 4 18 34 14 114 . 74 189 41 76 155 64 180 . Kinetic 5308 | . 878 70 1340 262 . 454 1273 113 . 190 62 386 . . . . . . . . . . . . . . . . . 280 Thermal 60602 | . 231 . 213 . . . 541 1788 1284 1667 1896 2128 . 366 1681 169 . 1183 1850 6136 962 3552 214 4488 640 6223 4332 3609 13035 2414 Explosive 8968 | . . . 845 . . . . . 1634 1514 1721 . . . . . . 587 . . . . . . . 72 . . . 2595 Electromagnetic 7939 | . 147 . 856 166 . . 260 . . . . . . . . . . . . . . . 129 1350 594 2015 1122 901 365 34 Impact . | . . . . . . . . . . . . . . . . . . . . . . . . . . . . . . . Slashing . | . . . . . . . . . . . . . . . . . . . . . . . . . . . . . . . Piercing . | . . . . . . . . . . . . . . . . . . . . . . . . . . . . . . . Highest Corruption 43 | . . . . . . . . . 3 5 . . . 1 3 4 . . . 1 5 5 5 5 7 6 11 18 30 43 Average Corruption 7 | . . . . . . . . . 2 4 . . . 1 2 3 . . . 1 3 5 5 3 6 3 8 14 11 36 Corruption Purged 5 | . . . . . . . . . . . . . . . . . . . . . . . . 5 . . . . . . Corruption Blocked . | . . . . . . . . . . . . . . . . . . . . . . . . . . . . . . . Effects 513 | . . . . . . . . . 4 45 . . . . 3 23 . . . 2 5 48 26 43 24 24 66 113 52 35 Message Errors 122 | . . . . . . . . . 2 11 . . . . . 5 . . . 1 . 13 8 8 7 4 13 34 11 5 Matter Fused 120 | . . . . . . . . . 1 10 . . . . . 9 . . . 1 2 11 7 15 4 5 14 27 7 7 Heat Flow Errors 63 | . . . . . . . . . 1 11 . . . . 1 2 . . . . . 4 2 1 2 3 10 13 8 5 Energy Discharges 54 | . . . . . . . . . . 3 . . . . 1 4 . . . . 1 4 . 6 5 1 4 12 9 4 Parts Rejected 9 | . . . . . . . . . . 1 . . . . . . . . . . 1 . . 1 . . . 2 1 3 Parts Fused 6 | . . . . . . . . . . . . . . . . . . . . . . . . . . . . 3 1 2 Data Loss (minor) 55 | . . . . . . . . . . 5 . . . . 1 3 . . . . 1 4 3 7 2 5 8 9 5 2 Data Loss (major) 21 | . . . . . . . . . . . . . . . . . . . . . . 5 2 2 2 1 3 3 2 1 Misfires 26 | . . . . . . . . . . 2 . . . . . . . . . . . 4 3 3 2 2 5 2 3 . Alerts 15 | . . . . . . . . . . 1 . . . . . . . . . . . 1 1 . . . 7 2 2 1 Misdirections 1 | . . . . . . . . . . . . . . . . . . . . . . . . . . . . . 1 . Weapon Failures 21 | . . . . . . . . . . 1 . . . . . . . . . . . 2 . . . 3 2 6 2 5 Overload Shots . | . . . . . . . . . . . . . . . . . . . . . . . . . . . . . . . Overflow Damage 3859 | . 29 . . . . . 23 . 14 86 9 62 . . 90 . . 223 58 160 77 58 7 256 73 160 77 5 1791 601 Projectiles 2420 | . . . . . . . 14 . . . . 62 . . 88 . . 81 58 160 77 58 . 224 73 127 77 5 981 335 Explosions 1288 | . 29 . . . . . 9 . 14 86 9 . . . . . . 142 . . . . . 27 . . . . 706 266 Melee 151 | . . . . . . . . . . . . . . . 2 . . . . . . . 7 5 . 33 . . 104 . Knockbacks 20 | . . . . 1 . . 6 . . . . 6 . . . . . . . . . . . 1 1 . 3 . 2 . Impact 8 | . . . . 1 . . . . . . . . . . . . . . . . . . . 1 1 . 3 . 2 . Kinetic 12 | . . . . . . . 6 . . . . 6 . . . . . . . . . . . . . . . . . . Secondary . | . . . . . . . . . . . . . . . . . . . . . . . . . . . . . . . Self-Inflicted Damage 1067 | . 178 . 62 . . . 5 35 98 51 88 . . . . . . 119 . . . . . . . 71 . . 268 92 Shots 21 | . 3 . 2 . . . . . 3 2 2 . . . . . . 2 . . . . . . . 1 . . 5 1 Rammed 88 | . 5 3 6 7 . 2 1 10 . 1 7 . . . 5 . 1 2 1 1 6 . 3 8 2 3 6 2 6 . Targets Rammed 98 | . 5 3 6 11 . 3 1 10 . 1 7 . . . 5 . 1 2 1 1 7 . 3 10 2 4 6 3 6 . Kicked . | . . . . . . . . . . . . . . . . . . . . . . . . . . . . . . . Crushed 10 | . . . . 4 . 1 . . . . . . . . . . . . . . 1 . . 2 . 1 . 1 . . Highest Temperature 553 | . 78 27 69 105 . 15 399 383 278 460 256 439 . 52 306 320 . 381 360 426 553 465 351 209 324 404 532 350 525 222 Average Temperature 107 | . 48 11 16 41 . 7 92 86 96 126 63 91 . 39 94 103 . 119 119 139 210 128 136 71 95 99 146 93 167 81 Received Heat Transfer 4770 | . 144 63 369 108 . 45 132 379 226 366 513 394 . . 141 138 18 16 121 130 9 98 57 117 102 351 368 56 282 27 Effects 71 | . . . . . . . 1 3 . 1 . 3 . . 1 1 . . . 7 5 5 9 . 1 3 10 . 20 1 Shutdowns 25 | . . . . . . . . . . 1 . . . . . 1 . . . 3 1 2 . . . 1 6 . 10 . Energy Bleed 13 | . . . . . . . 1 1 . . . 2 . . . . . . . . . . 1 . 1 1 2 . 3 1 Interference 19 | . . . . . . . . 2 . . . . . . . . . . . 1 2 3 8 . . . . . 3 . Matter Decay 3 | . . . . . . . . . . . . . . . 1 . . . . . . . . . . . . . 2 . Short Circuit 4 | . . . . . . . . . . . . 1 . . . . . . . 1 1 . . . . . 1 . . . Damage (minor) 6 | . . . . . . . . . . . . . . . . . . . . 2 . . . . . 1 1 . 2 . Damage (major) 1 | . . . . . . . . . . . . . . . . . . . . . 1 . . . . . . . . . Siege Activations 108 | . . . . . . . . . . . . . . . 2 1 . 2 4 6 1 7 . 14 3 17 15 13 18 5 Total Turns 1907 | . . . . . . . . . . . . . . . 7 12 . 10 101 91 19 65 . 278 44 473 269 184 263 91 Longest Duration 116 | . . . . . . . . . . . . . . . 5 12 . 9 80 25 19 26 . 83 32 116 51 38 57 50 Robots Corrupted 30 | . . . . . . . . . . . . . . . 2 . . . . . . . 1 2 4 7 9 3 2 . Combat Hostiles 23 | . . . . . . . . . . . . . . . . . . . . . . . 1 1 4 7 7 3 . . Parts Fried 69 | . . . 1 . . . 1 . 1 . . . . . 3 . . . . . . 1 2 7 4 20 15 7 7 . Impact Corruptions 10 | . . . . . . . . . . . . . . . 2 . . . . . . . 1 1 . 1 . . 5 . Robots Melted 40 | . . . . . . . . 1 . 1 3 3 . . . . . 3 2 4 1 3 . 1 . 5 1 4 7 1 Combat Hostiles 33 | . . . . . . . . 1 . 1 3 1 . . . . . 2 2 1 1 2 . 1 . 5 1 4 7 1 Parts Melted 175 | . . . . . . . 1 9 4 10 13 11 . . 5 1 . 1 8 17 7 7 . 6 2 26 5 17 22 3 Heat Transferred 59726 | . 200 . 250 . . . 925 3689 2812 3775 4166 2877 . 370 1593 250 . 1114 1554 5254 814 3078 185 3541 518 5291 3959 2694 9247 1570 Parts Sabotaged 14 | . . . . . . . . . . . . 7 . . . . . . . 4 . . . . . . . . . 3 Parts Stolen . | . . . . . . . . . . . . . . . . . . . . . . . . . . . . . . . Parts Stripped . | . . . . . . . . . . . . . . . . . . . . . . . . . . . . . . . Power Chain Reactions 8 | . 2 . 3 . . . 2 . . . . . . . . . . . . . . . . 1 . . . . . . Alert | -11 -10 -10 -9 -9 -9 -8 -8 -8 -7 -7 -6 -6 -6 -6 -5 -5 -4 -4 -4 -4 -3 -3 -3 -3 -3 -2 -2 -2 -1 -1 ------- Run | Yrd Mat Min Mat Min Exi Min Mat Gar Fac Gar Fac Gar Fac DSF Fac Gar Fac Gar Fac Gar Res Gar Res Qua Gar Res Tes Sec Acc Com Peak Influence 1901 | . 339 108 797 310 . 75 232 1768 1019 1901 1295 1745 915 740 511 1065 641 1134 634 1350 759 1156 760 307 445 548 378 370 1461 1467 Initial 997 | . . 88 . 310 . . 27 48 928 713 997 857 915 644 378 280 558 448 595 280 759 348 650 21 227 217 290 21 33 934 Average 495 | . 156 52 371 108 . 39 66 829 840 1475 1089 1153 915 709 270 536 618 864 517 769 389 778 294 167 338 228 121 136 547 1205 Maximum Alert Level 5 | . 1 . 3 1 . . 1 5 3 5 4 5 3 3 2 3 2 4 2 4 3 4 3 1 2 2 1 1 4 4 Low Security (%) 34 | 100 65 100 28 79 . 100 99 18 . . . . . . 38 . . . . . . . 52 44 6 44 75 66 22 . Level 1 21 | . 34 . 28 20 . . . 14 . . . . . . 47 49 . . 11 20 59 1 21 55 55 37 24 33 21 . Level 2 14 | . . . 28 . . . . 19 21 . . . . 28 13 23 100 26 88 20 35 29 18 . 38 18 . . 23 . Level 3 17 | . . . 14 . . . . 6 78 14 50 53 100 71 . 26 . 59 . 45 5 63 7 . . . . . 10 32 Level 4 9 | . . . . . . . . 29 . 34 49 40 . . . . . 14 . 13 . 5 . . . . . . 20 67 Level 5 2 | . . . . . . . . 11 . 51 . 6 . . . . . . . . . . . . . . . . . . High Security . | . . . . . . . . . . . . . . . . . . . . . . . . . . . . . . . Max Security . | . . . . . . . . . . . . . . . . . . . . . . . . . . . . . . . Squads Dispatched 107 | . 4 . 2 . . . 3 . 9 . 8 . . 1 6 . 1 . 2 . 8 . 8 11 . 12 7 12 8 5 Investigation 14 | . 1 . . . . . 1 . . . . . . . 1 . 1 . . . 2 . 1 1 . 3 1 1 1 . Extermination 32 | . . . . . . . . . 3 . 1 . . . 1 . . . 2 . 1 . 1 5 . 4 4 5 3 2 Reinforcement 37 | . 3 . 1 . . . 2 . 2 . 3 . . 1 3 . . . . . 2 . 3 5 . 2 2 5 3 . Assault 8 | . . . 1 . . . . . 1 . 2 . . . . . . . . . . . . . . . . . 1 3 Garrison 16 | . . . . . . . . . 3 . 2 . . . 1 . . . . . 3 . 3 . . 3 . 1 . . Intercept . | . . . . . . . . . . . . . . . . . . . . . . . . . . . . . . . Searches Triggered . | . . . . . . . . . . . . . . . . . . . . . . . . . . . . . . . Construction Impeded 9 | . . . . . . . 2 . 1 . . . . . 3 . . . . . . . . 1 . 2 . . . . Haulers Reinforced 2 | . . . . . . . . . . . . . . . . . . . . . . . 1 . . . . . 1 . Active Scanning Responses . | . . . . . . . . . . . . . . . . . . . . . . . . . . . . . . . Cargo Convoy Interrupts 1 | . . . . . . . . . 1 . . . . . . . . . . . . . . . . . . . . . Alert ID Control Effect 86 | . . . . . . . . . . . . . . . . . . . . . . 5 26 11 2 4 1 34 3 . Stealth | -11 -10 -10 -9 -9 -9 -8 -8 -8 -7 -7 -6 -6 -6 -6 -5 -5 -4 -4 -4 -4 -3 -3 -3 -3 -3 -2 -2 -2 -1 -1 --------- Run | Yrd Mat Min Mat Min Exi Min Mat Gar Fac Gar Fac Gar Fac DSF Fac Gar Fac Gar Fac Gar Res Gar Res Qua Gar Res Tes Sec Acc Com Distress Signals 32 | . 3 . 5 1 . . 2 . 1 . 3 . . . 4 . . . . . 1 . . 4 . 3 1 1 2 1 Communications Jammed 220 | . . . . . . . . . . . . 9 . 4 4 . . . . . 15 . 1 82 . 63 9 27 6 . Distress Signals 199 | . . . . . . . . . . . . 9 . . 4 . . . . . 15 . 1 80 . 48 9 27 6 . Times Spotted 970 | . 32 3 66 8 . 8 17 36 37 35 37 29 . 4 37 28 3 35 12 49 21 42 33 62 42 67 47 49 93 38 Peak Tracking Total 14 | . 5 2 5 2 . 3 4 5 14 12 6 7 . 1 8 13 1 9 3 7 3 5 8 6 13 11 5 4 9 13 Tactical Retreats 57 | . 2 . 5 . . 1 1 4 1 . 2 1 . . 2 2 . . . 4 . 3 3 4 . 3 6 4 7 2 Traps | -11 -10 -10 -9 -9 -9 -8 -8 -8 -7 -7 -6 -6 -6 -6 -5 -5 -4 -4 -4 -4 -3 -3 -3 -3 -3 -2 -2 -2 -1 -1 ------- Run | Yrd Mat Min Mat Min Exi Min Mat Gar Fac Gar Fac Gar Fac DSF Fac Gar Fac Gar Fac Gar Res Gar Res Qua Gar Res Tes Sec Acc Com Traps Triggered 50 | . . . 2 . . . . 13 . 6 . 5 . 1 3 2 . 1 1 2 2 2 . 1 . 2 2 1 4 . Indirectly . | . . . . . . . . . . . . . . . . . . . . . . . . . . . . . . . Trap Hack Attempts . | . . . . . . . . . . . . . . . . . . . . . . . . . . . . . . . Triggered . | . . . . . . . . . . . . . . . . . . . . . . . . . . . . . . . Disarmed . | . . . . . . . . . . . . . . . . . . . . . . . . . . . . . . . Reprogrammed . | . . . . . . . . . . . . . . . . . . . . . . . . . . . . . . . Reused . | . . . . . . . . . . . . . . . . . . . . . . . . . . . . . . . Traps Extracted . | . . . . . . . . . . . . . . . . . . . . . . . . . . . . . . . Installed . | . . . . . . . . . . . . . . . . . . . . . . . . . . . . . . . Triggered 2 | . . 2 . . . . . . . . . . . . . . . . . . . . . . . . . . . . Machines | -11 -10 -10 -9 -9 -9 -8 -8 -8 -7 -7 -6 -6 -6 -6 -5 -5 -4 -4 -4 -4 -3 -3 -3 -3 -3 -2 -2 -2 -1 -1 ---------- Run | Yrd Mat Min Mat Min Exi Min Mat Gar Fac Gar Fac Gar Fac DSF Fac Gar Fac Gar Fac Gar Res Gar Res Qua Gar Res Tes Sec Acc Com Machines Disabled 99 | . 3 . 1 . . . 1 5 5 5 1 6 . . 2 5 . 6 . 6 2 8 2 7 5 3 3 12 9 2 Max in Single Turn 4 | . 2 . 1 . . . 1 1 4 1 1 1 . . 1 1 . 1 . 1 . 1 1 1 1 2 1 1 2 1 Garrison Access 4 | . . . . . . . . . . . . . . . . . . . . . . . . . . 1 . 1 2 . Garrison Relay 38 | . . . . . . . . 4 . 5 . 4 . . . 5 . 3 . 5 . 8 . . 4 . . . . . Energy Cycler 1 | . . . . . . . . . . . . . . . . . . . . . . . . . . . . . 1 . Machines Repaired . | . . . . . . . . . . . . . . . . . . . . . . . . . . . . . . . Machines Dismantled . | . . . . . . . . . . . . . . . . . . . . . . . . . . . . . . . Machines Sabotaged . | . . . . . . . . . . . . . . . . . . . . . . . . . . . . . . . Overloaded Fab Kills . | . . . . . . . . . . . . . . . . . . . . . . . . . . . . . . . Hacking | -11 -10 -10 -9 -9 -9 -8 -8 -8 -7 -7 -6 -6 -6 -6 -5 -5 -4 -4 -4 -4 -3 -3 -3 -3 -3 -2 -2 -2 -1 -1 --------- Run | Yrd Mat Min Mat Min Exi Min Mat Gar Fac Gar Fac Gar Fac DSF Fac Gar Fac Gar Fac Gar Res Gar Res Qua Gar Res Tes Sec Acc Com Machines Accessed 109 | . 8 . 9 1 2 . 4 2 4 2 2 2 1 . 4 2 2 1 2 3 6 3 4 7 2 10 8 11 7 . Terminals 75 | . 6 . 7 1 . . 3 2 . 2 1 2 1 . 2 2 . 1 . 3 3 3 4 5 2 7 6 10 2 . Fabricators 8 | . . . . . . . . . 1 . . . . . . . . . 1 . 2 . . . . 1 1 . 2 . Repair Stations 8 | . 1 . . . . . . . 2 . . . . . 1 . 1 . . . . . . 1 . 1 . . 1 . Recycling Units 1 | . 1 . . . . . . . . . . . . . . . . . . . . . . . . . . . . . Scanalyzers 2 | . . . 2 . . . . . . . . . . . . . . . . . . . . . . . . . . . Garrison Access 13 | . . . . . . . 1 . 1 . 1 . . . 1 . 1 . 1 . 1 . . 1 . 1 1 1 2 . Total Hacks 239 | . 30 . 25 3 2 . 14 4 8 3 4 4 1 . 11 5 4 2 5 5 12 6 9 14 4 19 16 18 11 . Successful 119 | . 19 . 16 . 2 . 6 1 6 1 2 3 1 . 6 1 2 2 3 3 7 2 3 3 1 7 7 8 7 . Failed 119 | . 11 . 8 3 . . 8 3 2 2 2 1 . . 5 4 2 . 2 2 5 4 6 11 3 12 9 10 4 . Catastrophic 27 | . . . 1 . . . 2 1 . 1 1 1 . . . 1 1 . . . 1 . 3 4 1 3 2 2 2 . Database Lockouts 1 | . . . 1 . . . . . . . . . . . . . . . . . . . . . . . . . . . Manual 93 | . 21 . 14 3 1 . 7 . . . . 2 . . 2 . 3 1 2 . 5 1 2 8 . 12 4 4 1 . Terminals 172 | . 25 . 21 3 . . 9 4 . 3 3 4 1 . 6 5 . 2 . 5 6 6 9 10 4 15 11 16 4 . Fabricators 15 | . . . . . . . . . 1 . . . . . . . . . 4 . 4 . . . . 1 3 . 2 . Repair Stations 19 | . 4 . . . . . . . 6 . . . . . 4 . 2 . . . . . . 1 . 1 . . 1 . Recycling Units 1 | . 1 . . . . . . . . . . . . . . . . . . . . . . . . . . . . . Scanalyzers 4 | . . . 4 . . . . . . . . . . . . . . . . . . . . . . . . . . . Garrison Access 26 | . . . . . . . 5 . 1 . 1 . . . 1 . 2 . 1 . 2 . . 3 . 2 2 2 4 . Terminal Hacks 50 | . 7 . 4 . 2 . 3 1 . 1 1 2 1 . 3 1 . 1 . 3 2 2 3 . 1 3 2 5 2 . Record 1 | . . . . . 1 . . . . . . . . . . . . . . . . . . . . . . . . . Robot Schematic 1 | . 1 . . . . . . . . . . . . . . . . . . . . . . . . . . . . . Robot Analysis 3 | . 2 . 1 . . . . . . . . . . . . . . . . . . . . . . . . . . . Prototype ID Bank 8 | . 4 . 2 . . . 1 . . . . . . . . . . . . . . . . . . . . . 1 . Open Door 5 | . . . . . . . . . . 1 . . . . . . . . . 1 . . 1 . . . . 2 . . Open DSF 1 | . . . . . . . . . . . . . 1 . . . . . . . . . . . . . . . . . Branch Access Points 5 | . . . . . . . . . . . . . . . 1 . . . . . 1 . 1 . . 1 . . 1 . Emergency Access Points 5 | . . . . . . . . 1 . . . 1 . . . 1 . . . 1 . 1 . . . . . . . . Terminal Index 1 | . . . . . . . . . . . . . . . . . . . . . . . 1 . . . . . . . Garrison Index 1 | . . . . . . . . . . . . . . . . . . . . . 1 . . . . . . . . . Unreport Threat 8 | . . . . . . . 1 . . . 1 . . . 2 . . . . . . . . . . 1 1 2 . . Locate Traps 3 | . . . 1 . . . . . . . . . . . . . . . . . . . . . . 1 . 1 . . Recall Extermination 1 | . . . . . . . . . . . . . . . . . . . . . . . . . . . 1 . . . Hauler Manifests 1 | . . . . . . . 1 . . . . . . . . . . . . . . . . . . . . . . . Garrison Registry 1 | . . . . . . . . . . . . . . . . . . . . . . . . . 1 . . . . . Patrol Navigation 2 | . . . . . . . . . . . . . . . . . . 1 . 1 . . . . . . . . . . Security Stations 2 | . . . . . . . . . . . . 1 . . . . . . . . . 1 . . . . . . . . Derelict Proto ID Bank 1 | . . . . . 1 . . . . . . . . . . . . . . . . . . . . . . . . . Fabricator Hacks 7 | . . . . . . . . . 1 . . . . . . . . . 2 . 2 . . . . . 2 . . . Load Schematic 3 | . . . . . . . . . . . . . . . . . . . 1 . 1 . . . . . 1 . . . Build 4 | . . . . . . . . . 1 . . . . . . . . . 1 . 1 . . . . . 1 . . . Repair Station Hacks 9 | . 4 . . . . . . . 4 . . . . . 1 . . . . . . . . . . . . . . . Scan Component 5 | . 2 . . . . . . . 2 . . . . . 1 . . . . . . . . . . . . . . . Repair 4 | . 2 . . . . . . . 2 . . . . . . . . . . . . . . . . . . . . . Recycling Unit Hacks . | . . . . . . . . . . . . . . . . . . . . . . . . . . . . . . . Scanalyzer 4 | . . . 4 . . . . . . . . . . . . . . . . . . . . . . . . . . . Insert Component 2 | . . . 2 . . . . . . . . . . . . . . . . . . . . . . . . . . . Analyze 2 | . . . 2 . . . . . . . . . . . . . . . . . . . . . . . . . . . Garrison Access Hacks 17 | . . . . . . . 1 . 1 . 1 . . . 1 . 1 . 1 . 1 . . 1 . 2 1 2 4 . Unlock Access 9 | . . . . . . . 1 . 1 . 1 . . . 1 . 1 . 1 . 1 . . 1 . . 1 . . . Seal Access 4 | . . . . . . . . . . . . . . . . . . . . . . . . . . 1 . 1 2 . Coupler Status 4 | . . . . . . . . . . . . . . . . . . . . . . . . . . 1 . 1 2 . Unauthorized Hacks 32 | . 8 . 8 . . . 2 . . . . 1 . . 1 . 1 1 . . 2 . . 2 . 2 2 1 1 . Terminals 23 | . 7 . 8 . . . 2 . . . . 1 . . . . . 1 . . 1 . . . . 1 1 1 . . Assimilate 1 | . 1 . . . . . . . . . . . . . . . . . . . . . . . . . . . . . Botnet 8 | . 1 . 1 . . . . . . . . 1 . . . . . 1 . . 1 . . . . 1 1 1 . . Operators 1 | . . . . . . . 1 . . . . . . . . . . . . . . . . . . . . . . . Skim 13 | . 5 . 7 . . . 1 . . . . . . . . . . . . . . . . . . . . . . . Fabricators . | . . . . . . . . . . . . . . . . . . . . . . . . . . . . . . . Repair Stations 5 | . . . . . . . . . . . . . . . 1 . 1 . . . . . . 1 . 1 . . 1 . Mechanics 2 | . . . . . . . . . . . . . . . . . . . . . . . . 1 . 1 . . . . Patch 3 | . . . . . . . . . . . . . . . 1 . 1 . . . . . . . . . . . 1 . Recycling Units 1 | . 1 . . . . . . . . . . . . . . . . . . . . . . . . . . . . . Tunnel 1 | . 1 . . . . . . . . . . . . . . . . . . . . . . . . . . . . . Scanalyzers . | . . . . . . . . . . . . . . . . . . . . . . . . . . . . . . . Garrison Access 3 | . . . . . . . . . . . . . . . . . . . . . 1 . . 1 . . 1 . . . Restock 1 | . . . . . . . . . . . . . . . . . . . . . . . . . . . 1 . . . Eject 2 | . . . . . . . . . . . . . . . . . . . . . 1 . . 1 . . . . . . Data Cores Recovered 1 | . . . . . . . . . . . . . . . 1 . . . . . . . . . . . . . . . Used . | . . . . . . . . . . . . . . . . . . . . . . . . . . . . . . . Hacking Detections 91 | . 7 . 8 1 . . 4 2 2 1 1 2 . . 4 2 2 1 1 3 4 2 4 7 2 9 8 8 6 . Full Trace Events 8 | . . . . . . . . 1 . . . . . . . 1 . . . . 1 . 1 . 1 1 1 1 . . Feedback Events 1 | . . . . . . . . . . . . . . . . 1 . . . . . . . . . . . . . . Corruption 1 | . . . . . . . . . . . . . . . . 1 . . . . . . . . . . . . . . Feedback Blocked . | . . . . . . . . . . . . . . . . . . . . . . . . . . . . . . . Robot Schematics Acquired 6 | . 1 . . . . . . . . . . . . . . . . . . . . . . 5 . . . . . . Robots Built 3 | . . . . . . . . . . . . . . . . . . . 1 . 1 . . . . . 1 . . . Authchips 2 | . . . . . . . . . . . . . . . . . . . 1 . 1 . . . . . . . . . Time 201 | . . . . . . . . . . . . . . . . . . . 81 . 27 . . . . . 93 . . . Total Robot Build Rating 9 | . . . . . . . . . . . . . . . . . . . 1 . 1 . . . . . 7 . . . Part Schematics Acquired 11 | . . . 1 . . . . . . . . . . . . . . . . . . . . 10 . . . . . . Parts Built 2 | . . . . . . . . . 2 . . . . . . . . . . . . . . . . . . . . . Authchips . | . . . . . . . . . . . . . . . . . . . . . . . . . . . . . . . Time 58 | . . . . . . . . . 58 . . . . . . . . . . . . . . . . . . . . . Total Part Build Rating 14 | . . . . . . . . . 14 . . . . . . . . . . . . . . . . . . . . . Parts Repaired 3 | . 2 . . . . . . . 1 . . . . . . . . . . . . . . . . . . . . . Time 134 | . 52 . . . . . . . 82 . . . . . . . . . . . . . . . . . . . . . Parts Recycled . | . . . . . . . . . . . . . . . . . . . . . . . . . . . . . . . Recycled Matter . | . . . . . . . . . . . . . . . . . . . . . . . . . . . . . . . Retrieved Matter . | . . . . . . . . . . . . . . . . . . . . . . . . . . . . . . . Retrieved Components . | . . . . . . . . . . . . . . . . . . . . . . . . . . . . . . . Parts Scanalyzed 2 | . . . 2 . . . . . . . . . . . . . . . . . . . . . . . . . . . Part Schematics Acquired 1 | . . . 1 . . . . . . . . . . . . . . . . . . . . . . . . . . . Parts Damaged . | . . . . . . . . . . . . . . . . . . . . . . . . . . . . . . . Bothacking | -11 -10 -10 -9 -9 -9 -8 -8 -8 -7 -7 -6 -6 -6 -6 -5 -5 -4 -4 -4 -4 -3 -3 -3 -3 -3 -2 -2 -2 -1 -1 ------------ Run | Yrd Mat Min Mat Min Exi Min Mat Gar Fac Gar Fac Gar Fac DSF Fac Gar Fac Gar Fac Gar Res Gar Res Qua Gar Res Tes Sec Acc Com Used RIF Installer 8 | . . . . . . . . 1 . 1 . 1 . . . 1 . 1 . 1 . 1 . . 1 . . . . . Coupler Efficiency 1 | . . . . . . . . . . 1 . . . . . . . . . . . . . . . . . . . . Hotswap 1 | . . . . . . . . . . . . . . . . . . . . . . . . . 1 . . . . . Code Merge 1 | . . . . . . . . . . . . . . . . . . . . 1 . . . . . . . . . . Command Fork 1 | . . . . . . . . . . . . 1 . . . . . . . . . . . . . . . . . . Threat Obfuscator 1 | . . . . . . . . . . . . . . . . . . 1 . . . . . . . . . . . . Alert ID Control 1 | . . . . . . . . . . . . . . . . . . . . . . 1 . . . . . . . . Structural Interface 1 | . . . . . . . . . . . . . . . . 1 . . . . . . . . . . . . . . Robots Hacked 189 | . . . . . . . . . 2 . 2 7 . . 9 12 3 13 3 15 7 19 13 18 19 17 8 14 8 . Non-combat 23 | . . . . . . . . . 2 . 2 . . . 2 . 1 . 1 . 2 . 2 2 . 2 3 4 . . Combat 166 | . . . . . . . . . . . . 7 . . 7 12 2 13 2 15 5 19 11 16 19 15 5 10 8 . Robot Hacks Applied 210 | . . . . . . . . . 3 . 2 7 . . 9 12 3 15 3 15 11 20 17 22 19 18 11 15 8 . find_chute 1 | . . . . . . . . . . . 1 . . . . . . . . . . . . . . . . . . . find_fabricator 2 | . . . . . . . . . . . . . . . . . . . 1 . . . 1 . . . . . . . drop_inventory 6 | . . . . . . . . . . . . . . . 1 . . . . . . . . . . . 2 3 . . purge_threat 10 | . . . . . . . . . 1 . . . . . . . . . . . 3 . 4 . . . 2 . . . block_reporting 3 | . . . . . . . . . . . 1 . . . . . . . . . 1 . . 1 . . . . . . map_route 3 | . . . . . . . . . . . . . . . . . . . . . 1 . . 1 . 1 . . . . disable_scanner 14 | . . . . . . . . . . . . . . . . . . . . . . . . 9 . . 1 4 . . locate_prototypes 2 | . . . . . . . . . . . . . . . . . . . . . . . . 1 . . . 1 . . find_shortcuts 1 | . . . . . . . . . . . . . . . . . . 1 . . . . . . . . . . . . mark_system 1 | . . . . . . . . . . . . . . . . . . . . . . . . . . . . 1 . . spike_heat 2 | . . . . . . . . . . . . . . . . . . . . . . 2 . . . . . . . . overload_power 3 | . . . . . . . . . . . . . . . . 1 . 1 . . . . . . . . . 1 . . amplify_resonance 29 | . . . . . . . . . . . . 2 . . 2 3 . . . 3 . 2 . 3 6 4 1 . 3 . wipe_record 1 | . . . . . . . . . . . . . . . . . . 1 . . . . . . . . . . . . disable_weapons 2 | . . . . . . . . . . . . . . . . . . 1 . . . . . . . . . 1 . . reboot_system 1 | . . . . . . . . . . . . . . . . . . . . . . 1 . . . . . . . . overwrite_iff 44 | . . . . . . . . . . . . 3 . . 1 2 . 4 . 6 . 4 3 1 6 6 3 . 5 . formatsys_low 10 | . . . . . . . . . 2 . . . . . 1 . 1 . . . 1 . 1 1 . 1 1 1 . . formatsys_high 75 | . . . . . . . . . . . . 2 . . 4 6 2 7 2 6 5 11 8 5 7 6 1 3 . . Relay Couplers Released 167 | . . . . . . . . 15 . 21 . 13 . . . 18 . 14 3 18 4 29 . 4 15 . 3 6 4 . Ejected 4 | . . . . . . . . . . . . . . . . . . . . . 4 . . . . . . . . . Machine Destruction 147 | . . . . . . . . 15 . 21 . 13 . . . 18 . 14 . 18 . 29 . . 15 . . 3 1 . Programmers 16 | . . . . . . . . . . . . . . . . . . . 3 . . . . 4 . . 3 3 3 . Attached 72 | . . . . . . . . 1 . 3 1 6 . . 4 6 1 4 . 8 2 11 4 4 6 3 3 3 2 . Merged Code Value 121 | . . . . . . . . . . . . . . . . . . . . 58 . 53 . . 10 . . . . . Fabnet Peak Effective % . | . . . . . . . . . . . . . . . . . . . . . . . . . . . . . . . Robots Rewired 16 | . . . . . . . . 9 . . . 3 . . . . . . . 2 . . . . 2 . . . . . Allies Hacked 9 | . . . . . . . . . . 1 . . . . . . . . 1 2 . . . 3 . 2 . . . . Hacks Repelled . | . . . . . . . . . . . . . . . . . . . . . . . . . . . . . . . Allies | -11 -10 -10 -9 -9 -9 -8 -8 -8 -7 -7 -6 -6 -6 -6 -5 -5 -4 -4 -4 -4 -3 -3 -3 -3 -3 -2 -2 -2 -1 -1 -------- Run | Yrd Mat Min Mat Min Exi Min Mat Gar Fac Gar Fac Gar Fac DSF Fac Gar Fac Gar Fac Gar Res Gar Res Qua Gar Res Tes Sec Acc Com Total Allies 173 | . . . . 1 . . . 9 2 2 . 10 . . 6 12 3 15 3 15 8 17 16 7 16 14 7 4 6 . Largest Group 11 | . . . . 1 . . . 9 10 2 . 4 2 2 1 8 8 8 1 7 4 5 11 7 3 7 3 4 2 . Highest-Rated Group 604 | . . . . 31 . . . 203 215 62 . 206 142 142 85 447 452 452 49 335 192 320 604 395 233 386 343 422 60 . Highest-Rated Ally 343 | . . . . 31 . . . 39 31 31 . 80 80 80 85 95 95 95 49 56 116 116 116 64 148 64 343 343 58 . Total Orders 58 | . . . . . . . . 2 1 . . . . . 1 . 1 11 1 6 7 3 . 2 . 7 10 6 . . STAY 28 | . . . . . . . . 1 . . . . . . . . . 6 . 3 3 2 . 1 . 3 5 4 . . FOLLOW 15 | . . . . . . . . 1 . . . . . . . . . 3 . 2 1 1 . 1 . 2 2 2 . . AID 15 | . . . . . . . . . 1 . . . . . 1 . 1 2 1 1 3 . . . . 2 3 . . . Ally Attacks 950 | . . . . . . . . 61 19 15 . 32 . 15 28 61 10 106 10 37 46 66 123 72 51 76 8 105 9 . Total Damage 32577 | . . . . . . . . 965 320 191 . 1182 . 480 1170 1744 399 3517 218 1149 1342 2305 4798 2431 1368 2285 285 6156 272 . Kills 195 | . . . . . . . . 18 2 3 . 6 . 3 12 12 2 14 . 12 9 13 27 12 7 5 1 34 3 . Allies Corrupted 6 | . . . . . . . . . . . . . . . . . . 1 . . . . 1 1 . 1 2 . . . Allies Melted 9 | . . . . . 1 . . . . . . 2 . . . 1 . 1 . 1 . 1 . . 2 . . . . . Intel | -11 -10 -10 -9 -9 -9 -8 -8 -8 -7 -7 -6 -6 -6 -6 -5 -5 -4 -4 -4 -4 -3 -3 -3 -3 -3 -2 -2 -2 -1 -1 ------- Run | Yrd Mat Min Mat Min Exi Min Mat Gar Fac Gar Fac Gar Fac DSF Fac Gar Fac Gar Fac Gar Res Gar Res Qua Gar Res Tes Sec Acc Com Robot Analysis Total 3 | . 2 . 1 . . . . . . . . . . . . . . . . . . . . . . . . . . . Derelict Logs Recovered 4 | . . 2 . 2 . . . . . . . . . . . . . . . . . . . . . . . . . . Drone Launches . | . . . . . . . . . . . . . . . . . . . . . . . . . . . . . . . Drone Recoveries . | . . . . . . . . . . . . . . . . . . . . . . . . . . . . . . . Exploration | -11 -10 -10 -9 -9 -9 -8 -8 -8 -7 -7 -6 -6 -6 -6 -5 -5 -4 -4 -4 -4 -3 -3 -3 -3 -3 -2 -2 -2 -1 -1 ------------- Run | Yrd Mat Min Mat Min Exi Min Mat Gar Fac Gar Fac Gar Fac DSF Fac Gar Fac Gar Fac Gar Res Gar Res Qua Gar Res Tes Sec Acc Com Turns Passed 40433 | 86 1320 892 1956 1984 517 1110 1425 1656 1060 1480 962 2252 14 146 1285 1282 143 1696 929 2083 647 1674 872 2568 906 2170 1869 2642 2223 584 Spaces Moved 18200 | 49 617 462 861 528 215 428 736 814 459 714 308 745 9 65 642 691 75 822 394 920 301 783 451 1241 459 886 876 1403 929 317 Core 16 | 2 . . 8 . . . . . . . . 6 . . . . . . . . . . . . . . . . . . Treads 15380 | 47 617 462 853 528 215 428 45 . 12 110 308 739 9 65 642 691 75 822 394 920 301 783 451 1241 459 886 876 1403 779 219 Legs . | . . . . . . . . . . . . . . . . . . . . . . . . . . . . . . . Wheels 2664 | . . . . . . . 691 814 447 604 . . . . . . . . . . . . . . . . . . 108 . Hover . | . . . . . . . . . . . . . . . . . . . . . . . . . . . . . . . Flight . | . . . . . . . . . . . . . . . . . . . . . . . . . . . . . . . Fastest Speed 50 | 50 160 160 160 240 240 240 130 130 160 145 242 160 170 170 170 170 170 166 166 160 160 160 160 152 152 145 145 155 145 150 Average Speed 171 | 155 163 160 171 240 240 240 136 149 162 170 243 243 170 170 170 170 170 171 167 175 160 160 160 155 161 150 152 155 177 154 Slowest Speed 1700 | 160 240 160 550 240 240 240 240 160 250 243 246 1700 170 170 170 170 170 270 255 240 160 160 160 232 232 158 232 155 625 245 Overloaded Moves . | . . . . . . . . . . . . . . . . . . . . . . . . . . . . . . . Propulsion Burnouts . | . . . . . . . . . . . . . . . . . . . . . . . . . . . . . . . Robots Hopped . | . . . . . . . . . . . . . . . . . . . . . . . . . . . . . . . Cave-ins Triggered . | . . . . . . . . . . . . . . . . . . . . . . . . . . . . . . . Teleports 2 | . . . . . . . . . . . . . . . . . . . . . . . . 1 . . . . 1 . Microwarps 13 | . . . . . . . . . . . . . . . . . . . . . . . . . . . . . 6 7 Exploration Rate (%) 57 | 3 96 88 85 97 59 95 55 90 16 85 8 78 1 80 24 87 2 95 12 90 13 89 16 91 83 34 86 71 34 13 Regions Visited 30 Branch Regions 8 Pre-discovered Areas 5 | . 2 . 2 . 1 . . . . . . . . . . . . . . . . . . . . . . . . . Known Exits Taken 14 | . . . 1 . . 1 1 . 1 . 1 . 1 . 1 . 1 . 1 . 1 . 1 1 . 1 . . 1 . Unknown Exits Taken 7 | 1 1 1 . 1 1 . . . . . . . . . . . . . . . . . . . . . 1 1 . . Scrap Searched 3 | . . 1 . 1 . 1 . . . . . . . . . . . . . . . . . . . . . . . . Spaces Dug 163 | . . . . . . . 9 . 1 2 7 5 . . 1 5 . 1 2 3 . 7 9 9 . 22 9 15 54 2 Terrain Destroyed 1037 | . 23 . 92 . . . 42 1 25 62 70 13 . 4 18 9 . 16 11 27 12 35 15 43 5 59 21 27 261 146 Melee . | . . . . . . . . . . . . . . . . . . . . . . . . . . . . . . . Projectile 406 | . . . . . . . 38 1 1 5 10 13 . 4 18 9 . 6 11 27 12 35 15 32 5 50 21 27 62 4 AOE 631 | . 23 . 92 . . . 4 . 24 57 60 . . . . . . 10 . . . . . 11 . 9 . . 199 142 Terrain Rammed . | . . . . . . . . . . . . . . . . . . . . . . . . . . . . . . . Walls Destroyed . | . . . . . . . . . . . . . . . . . . . . . . . . . . . . . . . Machines Disabled . | . . . . . . . . . . . . . . . . . . . . . . . . . . . . . . . Actions | -11 -10 -10 -9 -9 -9 -8 -8 -8 -7 -7 -6 -6 -6 -6 -5 -5 -4 -4 -4 -4 -3 -3 -3 -3 -3 -2 -2 -2 -1 -1 --------- Run | Yrd Mat Min Mat Min Exi Min Mat Gar Fac Gar Fac Gar Fac DSF Fac Gar Fac Gar Fac Gar Res Gar Res Qua Gar Res Tes Sec Acc Com Total 25476 | 56 785 605 1135 1198 217 460 1035 1092 706 880 411 1041 8 93 788 781 89 1065 623 1269 438 1121 578 1762 599 1666 1401 1851 1311 412 Wait 3583 | . 73 135 69 642 . 5 175 59 171 14 8 73 . 12 55 20 4 90 160 130 70 127 61 284 33 412 255 180 162 104 Move 18050 | 48 616 461 860 527 214 427 736 813 459 713 308 744 8 64 642 690 75 821 394 919 300 782 450 1241 458 885 875 1402 892 226 Hop . | . . . . . . . . . . . . . . . . . . . . . . . . . . . . . . . Pick Up 278 | 2 8 1 18 1 2 . 12 15 5 13 4 28 . 3 4 11 1 20 5 14 3 19 2 19 9 13 12 16 15 3 Fast Attach 204 | 6 4 . 11 . . . 8 2 2 5 3 25 . . 4 4 . 11 5 13 1 18 . 10 2 12 14 18 20 6 Attach 159 | . 1 1 2 1 . 1 2 1 4 5 8 18 . . 4 6 1 7 1 4 5 4 1 11 5 13 5 10 22 16 Detach 61 | . 1 . 1 . . . . 1 1 . . 3 . . 1 3 . . 1 4 1 2 . . 1 9 1 11 14 6 Swap 415 | . 7 . 22 . . . 13 27 10 18 12 24 . 2 15 6 1 18 16 39 11 29 17 24 13 29 16 16 25 5 Drop 306 | . . . 28 . 1 . 24 15 3 14 . 15 . 4 4 5 . 25 8 19 . 26 . 13 8 27 22 20 20 5 Fire 2154 | . 70 4 118 16 . 24 64 65 45 65 61 103 . 8 52 36 4 66 32 117 38 109 38 146 67 260 195 175 135 41 Melee 19 | . . . . . . . . 15 4 . . . . . . . . . . . . . . . . . . . . . Ram 8 | . . . . . . . 1 6 . 1 . . . . . . . . . . . . . . . . . . . . Kick . | . . . . . . . . . . . . . . . . . . . . . . . . . . . . . . . Crush 90 | . 5 3 6 11 . 3 . 4 . . 7 . . . 5 . 1 2 1 1 7 . 3 10 2 4 6 3 6 . Escape Stasis 86 | . . . . . . . . 48 . 32 . 6 . . . . . . . . . . . . . . . . . . Rewire 63 | . . . . . . . . 21 2 . . 2 . . 2 . 2 5 . 9 2 5 6 4 1 2 . . . . Trap . | . . . . . . . . . . . . . . . . . . . . . . . . . . . . . . . Miscellaneous . | . . . . . . . . . . . . . . . . . . . . . . . . . . . . . . . Route ------- -11/Scrapyard -10/Materials (discovered 5 exits: *Mat x3 / [*Min x2]) -10/Mines (discovered 3 exits: *Mat x2 / [*Sub]) -9/Materials (discovered 4 exits: *Mat x3 / *Min) -9/Mines (discovered 4 exits: *Mat x2 / *Exi / [*Zio]) -9/Exiles -8/Mines (discovered 2 exits: *Mat x2) -8/Materials (discovered 4 exits: *Fac x2 / Sto / Gar) -8/Garrison (discovered 3 exits: *Fac x3) -7/Factory -7/Garrison (discovered 3 exits: *Fac x3) -6/Factory -6/Garrison (discovered 2 exits: *Fac x2) -6/Factory -6/DSF -5/Factory (discovered 5 exits: Upp x2 / Ext x2 / Gar) -5/Garrison (discovered 3 exits: *Fac x3) -4/Factory -4/Garrison (discovered 3 exits: *Fac x3) -4/Factory (discovered 2 exits: *Res / Gar) -4/Garrison (discovered 2 exits: *Res x2) -3/Research (discovered 4 exits: Arm / Qua x2 / Gar) -3/Garrison (discovered 3 exits: *Res x3) -3/Research (discovered 3 exits: Arm / *Qua x2) -3/Quarantine (discovered 2 exits: *Res / Gar) -3/Garrison (discovered 3 exits: *Res x3) -2/Research (discovered 2 exits: *Tes x2) -2/Testing (discovered 3 exits: *Acc / *Sec / Gar) -2/Section 7 -1/Access -1/Command History --------- Turn | Location | Event 18 | -11/Scrapyard | Discovered new exit (range 16) 87 | -11/Scrapyard | Entered Materials 304 | -10/Materials | Build established: Mutant 312 | -10/Materials | Discovered new exit (range 6) 701 | -10/Materials | Discovered new exit (range 15) 744 | -10/Materials | Repaired Lgt. Treads 772 | -10/Materials | Repaired Lgt. Treads 852 | -10/Materials | Discovered new exit (range 13) 956 | -10/Materials | Learned location of Subcaves (-10) 990 | -10/Materials | Learned location of 1 exit from Recycling 1016 | -10/Materials | Loaded intel: 11 interactive machine locations 1047 | -10/Materials | Discovered new exit (range 16) 1226 | -10/Materials | Discovered new exit (range 10) 1407 | -10/Materials | Entered Mines 1408 | -10/Mines | Assembled infested the area 1413 | -10/Mines | Assisted by a Guerilla fighting off Assembled 1668 | -10/Mines | Discovered new exit (range 4) 1721 | -10/Mines | Discovered new exit (range 8) 1745 | -10/Mines | Discovered new exit (range 11) 1892 | -10/Mines | Learned 2 Materials zone layouts 2299 | -10/Mines | Entered Materials 2299 | -9/Materials | Evolved 2 slots: Propulsion x1, Utility x1 2855 | -9/Materials | Build established: Scavenger-Mutant 3238 | -9/Materials | Discovered new exit (range 16) 3266 | -9/Materials | Identified exit to Mines 3392 | -9/Materials | Identified exit to Materials 3428 | -9/Materials | Learned 8 Materials zone layouts 3446 | -9/Materials | Learned 2 Materials zone layouts 3467 | -9/Materials | Learned Storage security intel 3499 | -9/Materials | Learned location of 1 exit from Recycling 3539 | -9/Materials | Learned location of 1 exit from Materials 3729 | -9/Materials | Central database locked down 3899 | -9/Materials | First assault squad dispatched 4255 | -9/Materials | Entered Mines 4260 | -9/Mines | Met a Derelict bent on vengeance 4376 | -9/Mines | A Derelict revealed a hidden shortcut to a safe place 4378 | -9/Mines | Discovered exit to Materials (range 6) 4587 | -9/Mines | Excavation squad dispatched 4587 | -9/Mines | A large section of the Mines collapsed 4837 | -9/Mines | Excavation squad dispatched 5087 | -9/Mines | Excavation squad dispatched 5302 | -9/Mines | Learned Materials stockpile data 5327 | -9/Mines | A weapon hastily lodged in a ceiling crevice suddenly fell to the ground 5360 | -9/Mines | Discovered exit to Materials (range 12) 5675 | -9/Mines | Learned Materials security intel 5853 | -9/Mines | Received a Mining Laser from a helpful Derelict 6227 | -9/Mines | Deemed a non-threat by the Exiles lab entrance 6227 | -9/Mines | Discovered new exit (range 6) 6239 | -9/Mines | Entered Exiles 6299 | -9/Exiles | Met 8R-AWN 6338 | -9/Exiles | Met EX-HEX 6403 | -9/Exiles | Met EX-BIN 6434 | -9/Exiles | Aligned with FarCom system 6436 | -9/Exiles | Given EX-Vault access code 6501 | -9/Exiles | Opened EX-Vault 6518 | -9/Exiles | Found Cloak of Protection 6529 | -9/Exiles | Found Modified TNC 6578 | -9/Exiles | Warned to stay clear of 0b10 Research branches 6601 | -9/Exiles | Exiles lab attacked by MAIN.C 6660 | -9/Exiles | Learned location of Zion (-7) 6729 | -9/Exiles | Discovered new exit (range 14) 6756 | -9/Exiles | Stole two prototypes: Modified TNC, Cloak of Protection 6756 | -9/Exiles | Entered Mines 7215 | -8/Mines | Discovered exit to Materials (range 8) 7221 | -8/Mines | Core integrity fell below 50% 7290 | -8/Mines | Discovered exit to Materials (range 5) 7866 | -8/Mines | Entered Materials 7866 | -8/Materials | Evolved 2 slots: Utility x2 7867 | -8/Materials | Identified exit to Storage 7868 | -8/Materials | Identified exit to Factory 8289 | -8/Materials | Build established: Mutant 9291 | -8/Materials | Identified exit to Garrison 9291 | -8/Materials | Entered Garrison 9401 | -8/Garrison | Triggered checkpoint 9465 | -8/Garrison | Triggered checkpoint 9544 | -8/Garrison | Garrison Relay disabled 9587 | -8/Garrison | Discovered exit to Factory (range 15) 9765 | -8/Garrison | Triggered checkpoint 9835 | -8/Garrison | Garrison Relay disabled 9907 | -8/Garrison | Triggered checkpoint 9925 | -8/Garrison | Triggered checkpoint 9929 | -8/Garrison | Triggered checkpoint 10154 | -8/Garrison | Discovered exit to Factory (range 14) 10171 | -8/Garrison | Build established: Commander-Mutant 10243 | -8/Garrison | Triggered checkpoint 10325 | -8/Garrison | Triggered checkpoint 10366 | -8/Garrison | Discovered exit to Factory (range 10) 10377 | -8/Garrison | Triggered checkpoint 10443 | -8/Garrison | Garrison Relay disabled 10648 | -8/Garrison | Installed Relay Interface Framework 10756 | -8/Garrison | Triggered checkpoint 10781 | -8/Garrison | Garrison Relay disabled 10947 | -8/Garrison | Entered Factory 10947 | -7/Factory | Accompanied by 8 allies 10947 | -7/Factory | Evolved 2 slots: Propulsion x1, Utility x1 10949 | -7/Factory | FarCom data flow suspended 11034 | -7/Factory | Fabricated Lgt. Antimatter Reactor (x2) 11347 | -7/Factory | First assault squad dispatched 11405 | -7/Factory | Repaired Arm. Huge Wheel 11412 | -7/Factory | Lost 8 allies 11554 | -7/Factory | Garrison activated, responded to threat 11669 | -7/Factory | Build established: Mutant 11730 | -7/Factory | Cargo convoy interrupted 11773 | -7/Factory | Destroyed 10 combat bots 11932 | -7/Factory | Identified exit to Garrison 12007 | -7/Factory | Entered Garrison 12050 | -7/Garrison | Rescued a captive Derelict 12058 | -7/Garrison | Rescued a captive Derelict 12131 | -7/Garrison | Garrison Relay disabled 12145 | -7/Garrison | Triggered checkpoint 12259 | -7/Garrison | Destroyed 13 combat bots 12275 | -7/Garrison | Triggered checkpoint 12308 | -7/Garrison | Discovered new exit (range 8) 12337 | -7/Garrison | Triggered checkpoint 12395 | -7/Garrison | Garrison Relay disabled 12441 | -7/Garrison | Build established: Bothacker-Mutant 12497 | -7/Garrison | Triggered checkpoint 12565 | -7/Garrison | Discovered new exit (range 11) 12651 | -7/Garrison | Triggered checkpoint 12654 | -7/Garrison | Lost 3 parts (1p2n) 12668 | -7/Garrison | Garrison Relay disabled 12724 | -7/Garrison | Garrison Relay disabled 12898 | -7/Garrison | Expanded RIF knowledge: Coupler Efficiency 13117 | -7/Garrison | Triggered checkpoint 13166 | -7/Garrison | Garrison Relay disabled 13337 | -7/Garrison | Triggered checkpoint 13463 | -7/Garrison | Discovered new exit (range 11) 13487 | -7/Garrison | Entered Factory 13487 | -6/Factory | Evolved 2 slots: Utility x2 13837 | -6/Factory | First assault squad dispatched 14026 | -6/Factory | Lost 4 parts (1n2u1w) 14320 | -6/Factory | Garrison activated, responded to threat 14449 | -6/Factory | Identified exit to Garrison 14449 | -6/Factory | Entered Garrison 14475 | -6/Garrison | Lost 3 parts (1n1u1w) 14485 | -6/Garrison | Triggered checkpoint 14625 | -6/Garrison | Triggered checkpoint 14633 | -6/Garrison | Garrison Relay disabled 14891 | -6/Garrison | Triggered checkpoint 14896 | -6/Garrison | Triggered checkpoint 14908 | -6/Garrison | Triggered checkpoint 14962 | -6/Garrison | Lost 6 allies 14970 | -6/Garrison | Lost 11 parts (1p3n5u2w) 15139 | -6/Garrison | Triggered checkpoint 15172 | -6/Garrison | Expanded RIF knowledge: Command Fork 15198 | -6/Garrison | Garrison Relay disabled 15248 | -6/Garrison | Learned Factory security intel 15603 | -6/Garrison | Triggered checkpoint 15615 | -6/Garrison | Garrison Relay disabled 15778 | -6/Garrison | Discovered new exit (range 8) 15853 | -6/Garrison | Core integrity fell below 50% 15993 | -6/Garrison | Core integrity fell below 20% 15999 | -6/Garrison | Lost 6 parts (1p2n2u1w) 16515 | -6/Garrison | Triggered checkpoint 16549 | -6/Garrison | Found embedded Infiltrators 16557 | -6/Garrison | Garrison Relay disabled 16604 | -6/Garrison | Discovered new exit (range 8) 16651 | -6/Garrison | Spotted B-75 Beast 16669 | -6/Garrison | Allies destroyed B-75 Beast 16701 | -6/Garrison | Entered Factory 16701 | -6/Factory | Accompanied by 2 allies 16715 | -6/Factory | Identified exit to DSF 16715 | -6/Factory | Entered DSF 16715 | -6/DSF | Accompanied by 2 allies 16744 | -6/DSF | Additional patrols routed to DSF 16834 | -6/DSF | Discovered new exit (range 15) 16861 | -6/DSF | Entered Factory 16861 | -5/Factory | Evolved 2 slots: Power x1, Utility x1 17225 | -5/Factory | Lost 3 allies 17489 | -5/Factory | Identified exit to Upper Caves 17489 | -5/Factory | Identified exit to Extension 17690 | -5/Factory | Spotted B-75 Beast 17746 | -5/Factory | Garrison activated, responded to threat 17871 | -5/Factory | Assimilated Beast 6a with formatsys_high 18146 | -5/Factory | Identified exit to Garrison 18146 | -5/Factory | Entered Garrison 18216 | -5/Garrison | Triggered checkpoint 18274 | -5/Garrison | Lost 4 parts (2p2u) 18526 | -5/Garrison | Garrison Relay disabled 18576 | -5/Garrison | Discovered new exit (range 10) 18638 | -5/Garrison | Triggered checkpoint 18667 | -5/Garrison | Expanded RIF knowledge: Structural Interface 18762 | -5/Garrison | Triggered checkpoint 18858 | -5/Garrison | Triggered checkpoint 18860 | -5/Garrison | Found embedded Infiltrators 18875 | -5/Garrison | Garrison Relay disabled 18910 | -5/Garrison | Garrison Relay disabled 18936 | -5/Garrison | Build established: Botlord-Mutant 18980 | -5/Garrison | Discovered new exit (range 14) 19056 | -5/Garrison | Triggered checkpoint 19108 | -5/Garrison | Discovered new exit (range 15) 19154 | -5/Garrison | Triggered checkpoint 19174 | -5/Garrison | Garrison Relay disabled 19266 | -5/Garrison | Triggered checkpoint 19285 | -5/Garrison | Garrison Relay disabled 19428 | -5/Garrison | Entered Factory 19428 | -4/Factory | Accompanied by 5 allies 19428 | -4/Factory | Evolved 2 slots: Propulsion x1, Utility x1 19568 | -4/Factory | Identified exit to Garrison 19571 | -4/Factory | Entered Garrison 19571 | -4/Garrison | Accompanied by 7 allies 19609 | -4/Garrison | Triggered checkpoint 19774 | -4/Garrison | Spotted B-86 Titan 19780 | -4/Garrison | Destroyed B-86 Titan 19980 | -4/Garrison | Triggered checkpoint 20010 | -4/Garrison | Spotted B-86 Titan 20020 | -4/Garrison | Destroyed B-86 Titan 20026 | -4/Garrison | Triggered checkpoint 20029 | -4/Garrison | Triggered checkpoint 20030 | -4/Garrison | Triggered checkpoint 20095 | -4/Garrison | Lost 11 allies 20115 | -4/Garrison | Lost 7 parts (3p3n1w) 20363 | -4/Garrison | Discovered new exit (range 14) 20401 | -4/Garrison | Triggered checkpoint 20432 | -4/Garrison | Garrison Relay disabled 20537 | -4/Garrison | Found Hvy. Reflective Plating 20591 | -4/Garrison | Expanded RIF knowledge: Threat Obfuscation 20626 | -4/Garrison | Triggered checkpoint 20639 | -4/Garrison | Garrison Relay disabled 20763 | -4/Garrison | Found Relay Coupler [Proto] 20765 | -4/Garrison | Found Relay Coupler [Proto] 20768 | -4/Garrison | Found Relay Coupler [Proto] 20826 | -4/Garrison | Discovered new exit (range 14) 20845 | -4/Garrison | Found embedded Infiltrators 20937 | -4/Garrison | Spotted Executioner 20937 | -4/Garrison | Spotted Executioner 20966 | -4/Garrison | Allies destroyed Executioner 20967 | -4/Garrison | Destroyed Executioner 20987 | -4/Garrison | Found Prototype Processor 20987 | -4/Garrison | Identified Exp. Targeting Computer 20997 | -4/Garrison | Lost 3 allies 21035 | -4/Garrison | Found Prototype Device 21035 | -4/Garrison | Identified Adv. Kinecellerator 21097 | -4/Garrison | Discovered new exit (range 9) 21131 | -4/Garrison | Triggered checkpoint 21185 | -4/Garrison | Lost 3 allies 21211 | -4/Garrison | Garrison Relay disabled 21267 | -4/Garrison | Entered Factory 21267 | -4/Factory | Accompanied by 1 ally 21783 | -4/Factory | Discovered new exit (range 10) 22001 | -4/Factory | Fabricated M-13 Machinist (x1) 22196 | -4/Factory | Identified exit to Garrison 22196 | -4/Factory | Entered Garrison 22196 | -4/Garrison | Accompanied by 1 ally 22235 | -4/Garrison | Expanded RIF knowledge: Code Merge 22380 | -4/Garrison | Triggered checkpoint 22483 | -4/Garrison | Garrison Relay disabled 22573 | -4/Garrison | Spotted B-86 Titan 22689 | -4/Garrison | Destroyed B-86 Titan 22748 | -4/Garrison | Triggered checkpoint 22780 | -4/Garrison | Lost 4 allies 22866 | -4/Garrison | Triggered checkpoint 23049 | -4/Garrison | Garrison Relay disabled 23066 | -4/Garrison | Garrison Relay disabled 23426 | -4/Garrison | Triggered checkpoint 23474 | -4/Garrison | Triggered checkpoint 23550 | -4/Garrison | Garrison Relay disabled 23615 | -4/Garrison | Discovered new exit (range 12) 23708 | -4/Garrison | Triggered checkpoint 23982 | -4/Garrison | Discovered new exit (range 14) 24024 | -4/Garrison | Triggered checkpoint 24076 | -4/Garrison | Triggered checkpoint 24108 | -4/Garrison | Garrison Relay disabled 24146 | -4/Garrison | P-70 Sage assimilated allied Sentinel 7f 24279 | -4/Garrison | Entered Research 24279 | -3/Research | Accompanied by 3 allies 24279 | -3/Research | Evolved 2 slots: Power x1, Propulsion x1 24357 | -3/Research | Garrison activated, responded to threat 24399 | -3/Research | Lost 4 allies 24421 | -3/Research | Fabricated M-13 Machinist (x1) 24470 | -3/Research | Identified exit to Armory 24470 | -3/Research | Identified exit to Quarantine 24544 | -3/Research | Spotted B-86 Titan 24547 | -3/Research | Assimilated Titan 8a with formatsys_high 24904 | -3/Research | Identified exit to Garrison 24926 | -3/Research | Entered Garrison 24926 | -3/Garrison | Accompanied by 3 allies 25124 | -3/Garrison | Lost 5 allies 25204 | -3/Garrison | Triggered checkpoint 25250 | -3/Garrison | Expanded RIF knowledge: Alert ID Control 25277 | -3/Garrison | Garrison Relay disabled 25310 | -3/Garrison | Spotted Striker 25310 | -3/Garrison | Spotted Striker 25450 | -3/Garrison | Spotted B-86 Titan 25453 | -3/Garrison | Assimilated Titan 8b with formatsys_high 25455 | -3/Garrison | Triggered checkpoint 25455 | -3/Garrison | Triggered checkpoint 25526 | -3/Garrison | Lost 9 allies 25563 | -3/Garrison | Learned Research security intel 25620 | -3/Garrison | Triggered checkpoint 25639 | -3/Garrison | Garrison Relay disabled 25818 | -3/Garrison | QS Assembler disabled 25864 | -3/Garrison | Found Prototype Launcher 25864 | -3/Garrison | Identified Com. Tesla Bomb Launcher 25900 | -3/Garrison | Discovered new exit (range 5) 25976 | -3/Garrison | Spotted B-86 Titan 26208 | -3/Garrison | Discovered new exit (range 15) 26234 | -3/Garrison | Garrison Relay disabled 26316 | -3/Garrison | Triggered checkpoint 26367 | -3/Garrison | Garrison Relay disabled 26376 | -3/Garrison | Garrison Relay disabled 26386 | -3/Garrison | Garrison Relay disabled 26419 | -3/Garrison | Garrison Relay disabled 26477 | -3/Garrison | Discovered new exit (range 5) 26498 | -3/Garrison | Triggered checkpoint 26532 | -3/Garrison | Garrison Relay disabled 26600 | -3/Garrison | Entered Research 26600 | -3/Research | Accompanied by 2 allies 26682 | -3/Research | Spotted B-86 Titan 26685 | -3/Research | Assimilated Titan 8c with formatsys_high 26807 | -3/Research | Garrison activated, responded to threat 27324 | -3/Research | Lost 3 allies 27472 | -3/Research | Entered Quarantine 27472 | -3/Quarantine | Accompanied by 5 allies 27577 | -3/Quarantine | Found Alien Artifact 28140 | -3/Quarantine | P-80 Master assimilated allied Warden 8l 28160 | -3/Quarantine | Scanned by Researcher 28538 | -3/Quarantine | Lost 7 parts (2p1n3u1w) 28768 | -3/Quarantine | Found Alien Slashing Weapon 28779 | -3/Quarantine | Discovered new exit (range 15) 28956 | -3/Quarantine | Found Phase Armor 29331 | -3/Quarantine | Cryocooling Duct disabled 29346 | -3/Quarantine | Ambient heat levels rising (+20) 29346 | -3/Quarantine | Non-combat units ordered to evacuate 29636 | -3/Quarantine | Found Alien Artifact 29636 | -3/Quarantine | Identified Hpw. Transdimensional Reconstructor 29636 | -3/Quarantine | Warped through subspace 29703 | -3/Quarantine | Found Hpw. Transdimensional Reconstructor 29866 | -3/Quarantine | Found Alien Impact Weapon 30040 | -3/Quarantine | Identified exit to Garrison 30040 | -3/Quarantine | Entered Garrison 30050 | -3/Garrison | Spotted B-90 Cyclops 30054 | -3/Garrison | Rewired B-75 Beast 30057 | -3/Garrison | Rewired B-90 Cyclops 30126 | -3/Garrison | Garrison Relay disabled 30254 | -3/Garrison | Triggered checkpoint 30254 | -3/Garrison | Triggered checkpoint 30272 | -3/Garrison | Core integrity fell below 50% 30318 | -3/Garrison | Triggered checkpoint 30379 | -3/Garrison | Lost 6 allies 30440 | -3/Garrison | Discovered new exit (range 10) 30460 | -3/Garrison | Discovered new exit (range 75) 30460 | -3/Garrison | Discovered new exit (range 91) 30460 | -3/Garrison | Discovered new exit (range 9) 30506 | -3/Garrison | Garrison Relay disabled 30630 | -3/Garrison | Garrison Relay disabled 30781 | -3/Garrison | Garrison Relay disabled 30811 | -3/Garrison | Expanded RIF knowledge: Hotswap 30946 | -3/Garrison | Entered Research 30946 | -2/Research | Accompanied by 2 allies 30946 | -2/Research | Evolved 2 slots: Utility x1, Weapon x1 31263 | -2/Research | Build established: Botlord-Skirmisher 31355 | -2/Research | Found Fusion Bomb Launcher 31839 | -2/Research | Lost 4 allies 31866 | -2/Research | Spotted B-90 Cyclops 31888 | -2/Research | Destroyed B-90 Cyclops 31915 | -2/Research | Found Quantum Capacitor 32011 | -2/Research | Identified exit to Testing 32209 | -2/Research | Build established: Botlord-Gunner 32611 | -2/Research | Garrison activated, responded to threat 32664 | -2/Research | Found Prototype Ballistic Gun 32893 | -2/Research | Spotted B-90 Cyclops 33116 | -2/Research | Entered Testing 33116 | -2/Testing | Accompanied by 1 ally 33212 | -2/Testing | Identified exit to Garrison 33562 | -2/Testing | Fabricated M-36 Artificer? 33607 | -2/Testing | Spotted Striker 33612 | -2/Testing | Lost 4 parts (1n3u) 33937 | -2/Testing | Found Quantum Capacitor 34082 | -2/Testing | Discovered new exit (range 4) 34089 | -2/Testing | Build established: Botlord-Mutant 34348 | -2/Testing | System corruption reached 10% 34467 | -2/Testing | Found Exp. Shock Absorption System 34613 | -2/Testing | Found Prototype Energy Cannon 34613 | -2/Testing | Identified Imp. Potential Cannon 34753 | -2/Testing | Build established: Botlord-Gunner 34795 | -2/Testing | Spotted Fortress 34803 | -2/Testing | Assimilated Fortress with formatsys_high 34970 | -2/Testing | Discovered new exit (range 6) 34985 | -2/Testing | Entered Section 7 34985 | -2/Section 7 | Accompanied by 1 ally 35218 | -2/Section 7 | Found Integrated Reactor 35218 | -2/Section 7 | Installed Integrated Reactor, increased core energy generation (+10) 35599 | -2/Section 7 | Spotted B-90 Cyclops 35643 | -2/Section 7 | Found Quantum Capacitor 36221 | -2/Section 7 | Found Beam Splitter 36327 | -2/Section 7 | Garrison activated, responded to threat 36527 | -2/Section 7 | Discovered new exit (range 15) 36678 | -2/Section 7 | Found Integrated Reactor 36678 | -2/Section 7 | Installed Integrated Reactor, increased core energy generation (+10) 36917 | -2/Section 7 | Spotted Executioner 36918 | -2/Section 7 | Spotted Executioner 36924 | -2/Section 7 | Core integrity fell below 50% 36929 | -2/Section 7 | Destroyed Executioner 36934 | -2/Section 7 | Destroyed Executioner 36972 | -2/Section 7 | Found Prototype Processor 36972 | -2/Section 7 | Identified Exp. Core Analyzer 36989 | -2/Section 7 | Found Exp. Targeting Computer 36994 | -2/Section 7 | Found Exp. Core Analyzer 37077 | -2/Section 7 | Spotted B-99 Colossus 37118 | -2/Section 7 | Destroyed B-99 Colossus 37148 | -2/Section 7 | Lost 3 parts (3u) 37148 | -2/Section 7 | Found Prototype Ballistic Gun 37152 | -2/Section 7 | Found Prototype Ballistic Gun 37206 | -2/Section 7 | Found Alien Artifact 37206 | -2/Section 7 | Identified Core Expander 37206 | -2/Section 7 | Installed Core Expander, added new Propulsion slot 37257 | -2/Section 7 | Found Alien Artifact 37257 | -2/Section 7 | Identified LRC Armor 37257 | -2/Section 7 | Installed LRC Armor, increased core integrity (+250) 37267 | -2/Section 7 | Found Alien Artifact 37267 | -2/Section 7 | Identified LRC Matter Compressor 37267 | -2/Section 7 | Installed LRC Matter Compressor, increased matter storage capacity (+125) 37373 | -2/Section 7 | Build established: Bothacker-Gunner 37522 | -2/Section 7 | Found Alien Artifact 37627 | -2/Section 7 | Entered Access 37627 | -1/Access | Evolved 2 slots: Power x1, Utility x1 37843 | -1/Access | Identified Multirail (x2) 38013 | -1/Access | Energy Cycler disabled 38284 | -1/Access | Spotted B-99 Colossus 38332 | -1/Access | Warped through subspace 38392 | -1/Access | Spotted B-99 Colossus 38419 | -1/Access | Build established: Generator-Gunner 38466 | -1/Access | Lost 3 parts (1n1u1w) 38509 | -1/Access | Identified Microwarp Drive 38627 | -1/Access | First assault squad dispatched 38695 | -1/Access | Spotted B-99 Colossus 38922 | -1/Access | Destroyed 8 combat bots 39131 | -1/Access | Identified exit to Command 39313 | -1/Access | System corruption reached 10% 39571 | -1/Access | Lost 4 parts (1n2u1w) 39697 | -1/Access | System corruption reached 30% 39838 | -1/Access | Spotted B-99 Colossus 39838 | -1/Access | Spotted B-99 Colossus 39850 | -1/Access | Entered Command 39850 | -1/Command | Spotted B-99 Colossus 39999 | -1/Command | Spotted B-99 Colossus 40024 | -1/Command | Spotted Combat Programmer 40024 | -1/Command | Destroyed Combat Programmer 40033 | -1/Command | Destroyed Combat Programmer 40057 | -1/Command | Lost 6 parts (2p2n1u1w) 40140 | -1/Command | First assault squad dispatched 40219 | -1/Command | Destroyed 8 combat bots 40261 | -1/Command | Build established: Generator-Mutant 40376 | -1/Command | Spotted M Guard 40377 | -1/Command | Spotted M Guard 40402 | -1/Command | Core integrity fell below 50% 40416 | -1/Command | Destroyed M Guard 40426 | -1/Command | Core integrity fell below 20% 40434 | -1/Command | Destroyed by P-80 Master with Gamma Rifle Last Messages --------------- 40424_ P-80 Master resets P-80 Master, system corruption cleaned. 40425_ Helical Railgun destroyed. 40425_ C-30 ARC bursts open, deploying its payload. 40425_ G-73 Enforcer unfolds itself. 40425_ L-61 Swordsman unfolds itself. 40425_ B-74 Champion unfolds itself. 40425_ M-36 Artificer unfolds itself. 40426_ P-80 Master resets P-80 Master, system corruption cleaned. 40426_ C-30 ARC bursts open, deploying its payload. 40426_ G-73 Enforcer unfolds itself. 40426_ L-61 Swordsman unfolds itself. 40426_ G-73 Enforcer unfolds itself. 40428_ Exp. Targeting Computer destroyed. 40428_ P-80 Master destroyed. 40431_ M-36 Artificer repairs Warlord 4Z-XS3. 40432_ Graphene Brace blown off. 40432_ Relay Coupler [Grunt] blown off. 40432_ Core Analyzer blown off. 40432_ E-15 Imp destroyed. 40433_ System corrupted: Energy discharge (-28). Map ----- +----------------------------------------------------+ | ????????????????????????????????????????????????## | | ?????????????????????????????????????????????????# | | ?????????????????????????????????????????????????? | | ?????????????????????????????????????????????????? | | ?????????????????????????????????????????????????? | | ?????????????????????????????????????????????????? | | ?????????????????????????????????????????????????? | | ?????????????????????????????????????????????????? | | ?????????????????????????????????????????????????? | | ?????????????????????????????????????????????????? | | ?????????????????????????????????????????????????? | | ?????????????????????????????????????????????????? | | ?????????????????????????????????????????????????? | | ?????????????????????????????????????????????????? | | ?????????????????????????????????????????????????? | | ?????????????????????????????????????????????????? | | ?????????????????????????????????????????????????? | | ?????????????????????????????????????????????????? | | ?????????????????????????????????????????????????? | | ?????????????????????????????????????????????????? | | ?????????????????????????????????????????????????? | | ????????????????????????#"""##?#################?# | | ????????????????????????# #?# # # #?# | | ????????????????????????# ## # W ## ### | | ????????????????????????# %l | | ????????????????????????#@Yg l | | ????????????????????????# pb bg | | ????????????????????????# %p g % % | | ????????????????????????# g m | | ????????????????????????# # # % W ### | | ????????????????????????######?# %# #?# | | ???????????????????????????????##?# ###?# | | ????????????????????????????????? # #???? | | ???????????????????????????????? ?##### ####???? | | ???????????????????????????????# ??????####??????? | | ???????????????????????????????#?????????????????? | | ?????????????????????????????????????????????????? | | ?????????????????????????????????????????????????? | | ?????????????????????????????????????????????????? | | ?????????????????????????????????????????????????? | | ?????????????????????????????????????????????????? | | ?????????????????????????????????????????????????? | | ?????????????????????????????????????????????????? | | ?????????????????????????????????????????????????? | | ?????????????????????????????????????????????????? | | ?????????????????????????????????????????????????? | | ?????????????????????????????????????????????????? | | ?????????????????????????????????????????????????? | | ?????????????????????????????????????????????????? | | ?????????????????????????????????????????????????? | +----------------------------------------------------+ Best States ------------- Heat Dissipation 166 Coolant Potential 80 Energy Generation 107 Energy Capacity 1590 Matter Stores 425 Matter Capacity 425 Sight Range 23 Terrain Scan Range 24 Terrain Scan Density 10 Jamming Range 16 Cloak Strength 5 Armor Coverage 1500 Resistance: TH 75 Resistance: EX 75 Propulsion Shielding 66 Utility Shielding 90 Point Defense Rating 160 Weapon Cycling 25 Evasion (%) 40 Targeting Accuracy 12 Core Analysis 9 Armor Integrity Analysis 30 Recoil Reduction 7 Offensive Hacking 14 Relay Coupler Types 5 Relay Coupler Value 178 Authchip Count 3 Item Schematics ----------------- Huge Storage Unit | -9/Materials | Scanalyzed Tesla Bomb Launcher | -3/Quarantine | Archive Cld. Antigrav System | -3/Quarantine | Archive Exp. Myomer Leg | -3/Quarantine | Archive Diametric Drive | -3/Quarantine | Archive Enh. Flexi-carbon Leg | -3/Quarantine | Archive Exp. Thermal Defense Suite | -3/Quarantine | Archive Imp. KE Penetrator | -3/Quarantine | Archive Thermal Defense Suite | -3/Quarantine | Archive Adv. Remote Shield | -3/Quarantine | Archive Cld. Field Propulsion Drive | -3/Quarantine | Archive Robot Schematics ------------------ M-13 Machinist | -10/Materials | Hacked K-01 Serf | -3/Quarantine | Archive A-15 Conveyor | -3/Quarantine | Archive M-36 Artificer | -3/Quarantine | Archive A-02 Transporter | -3/Quarantine | Archive M-30 Cleanser | -3/Quarantine | Archive Fabricated ------------ Lgt. Antimatter Reactor | x2 | -7/Factory | Preloaded M-13 Machinist | x1 | -4/Factory | Authchip M-13 Machinist | x1 | -3/Research | Authchip M-36 Artificer | x1 | -2/Testing Alien Tech Used ----------------- Phase Armor High-powered Transdimensional Reconstructor Integrated Reactor Core Expander LRC Armor LRC Matter Compressor Microwarp Drive Achievements -------------- None Challenges ------------ None Game ------ Seed MappingSkeletonFilter Manual? 0 Play Time 05:12:28 Cumulative 474.6 hours Start 2024.08.15 @ 20:52:10 End 2024.08.16 @ 15:13:47 Sessions 5 Manual Loads 0 Difficulty Rogue Special Mode None Game No. 281 Rogue 281 Adventurer 0 Explorer 0 Win Type - Total 34 Types 25/2/4/1/1/0/0/1/0 Lore% 79 Gallery% 84 Achievement% 85 Wizard Run 0 Options --------- Layout 0 ASCII 0 Keyboard 1 Movement Numpad Keybinds 0 Fullscreen 2 Font 18/SmallcapsGlow Map View 76x50 Zoom Use 0% Tactical HUD 1 Map Filters NONE Filters NONE Steam 1 RUN: 0c4f9e99-07eb-4dc9-8799-ce71cfd136e4